 Dungeon Crawl Stone Soup version 0.25.1-2-g60ff931df9 (webtiles) character file.

Game seed: 12834844354608503653

939799 DildoBatman the Petrodigitator (level 27, -12/213 HPs)
             Began as a Formicid Wizard on Sept 7, 2020.
             Was an Initiate of Gozag.
             Mangled by an apis (25 damage)
             ... on level 15 of a ziggurat on Sept 8, 2020.
             The game lasted 05:10:06 (65428 turns).

DildoBatman the Petrodigitator (Formicid Wizard)   Turns: 65428, Time: 05:10:07

Health: -12/213    AC: 25    Str: 11    XL:     27
Magic:  28/43      EV: 24    Int: 59    God:    Gozag
Gold:   15932      SH: 29    Dex: 21    Spells: 9/59 levels left

rFire    + + .     SeeInvis +   b - +1 quarterstaff of the Original Sin {flame, rC+ MR- Int+8 Stlth-}
rCold    + . .     Gourm    .   j - +8 tower shield {reflect}
rNeg     . . .     Faith    .   o - +4 troll leather armour
rPois    +         Spirit   .   (helmet unavailable)
rElec    .         Reflect  +   K - +2 cloak {rCorr}
rCorr    +         Harm     .   c - +2 pair of gloves "Byritot" {Str-3 Int+7}
MR       +++..                  D - +3 pair of boots of the Vestibule of Hell {Dex+4}
Stlth    +++.......             r - amulet of Relativism {Regen+ Dex+4}
HPRegen  1.25/turn              L - ring of Gidacw {rF++ MR+ Int+6}
MPRegen  0.28/turn              E - ring "Fuotoi Kigo" {rPois Int+7 Dex+4 SInv}

@: glowing, studying Fire Magic
A: permanent stasis, dig shafts and tunnels, four strong arms, antennae 3,
hooves 1, iridescent scales 1, clever 1, magic resistance 1
}: 4/15 runes: serpentine, barnacled, silver, golden
a: Dig, Shaft Self, Potion Petition, Call Merchant, Bribe Branch, Renounce
Religion


You were on level 15 of a ziggurat.
You worshipped Gozag.
Gozag was extremely pleased with you.
You were full.

You visited 10 branches of the dungeon, and saw 46 of its levels.
You visited 2 ziggurats (completing 1), and saw 42 of their levels.
You also visited: Bailey and Volcano.

You collected 43300 gold pieces.
You spent 3883 gold pieces at shops.
You paid 23485 gold pieces to Gozag.

Inventory:

Hand Weapons
 b - the +1 quarterstaff of the Original Sin (weapon) {flame, rC+ MR- Int+8 Stlth-}
   (You found it on level 13 of the Dungeon)

   It has been specially enchanted to burn those struck by it, causing extra
   injury to most foes and up to half again as much damage against particularly
   susceptible opponents.
   It affects your intelligence (+8).
   It protects you from cold.
   It affects your resistance to hostile enchantments.
   It makes you less stealthy.
 d - the +8 lajatang of Vatiew {protect, Int+5}
   (You found it on level 5 of a ziggurat)

   It grants its wielder temporary protection when it strikes (+7 to AC).
   It affects your intelligence (+5).
 e - a +9 demon trident of electrocution
 I - the +7 lajatang of Order {silver, rMut}
   (You found it on level 14 of a ziggurat)

   It protects you from mutation.
 P - the +10 broad axe "Zyusch" {freeze, rElec}
   (You found it on level 1 of the Vaults)

   It has been specially enchanted to freeze those struck by it, causing extra
   injury to most foes and up to half again as much damage against particularly
   susceptible opponents.
   It can also slow down cold-blooded creatures.
   It insulates you from electricity.
 W - the +9 staff of Wucad Mu {channel}
   (You found it on level 3 of the Tomb of the Ancients)
Missiles
 i - 20 throwing nets (quivered)
 O - 20 silver javelins
Armour
 c - the +2 pair of gloves "Byritot" (worn) {Str-3 Int+7}
   (You bought it in a shop on level 3 of the Tomb of the Ancients)

   It affects your strength (-3).
   It affects your intelligence (+7).
 j - a +8 tower shield of reflection (worn)
 o - a +4 troll leather armour (worn)
 D - the +3 pair of boots of the Vestibule of Hell (worn) {Dex+4}
   (You found it on level 14 of a ziggurat)

   It affects your dexterity (+4).
 K - a +2 cloak of preservation (worn)
Magical Staves
 a - an uncursed staff of energy
Jewellery
 n - the ring "Kaomopt" {AC+4 Slay+2}
   (You took it off a deep elf mage on level 3 of the Elven Halls)

   [ring of protection]

   It affects your AC (+4).
   It affects your accuracy and damage with ranged weapons and melee attacks
   (+2).
 r - the amulet of Relativism (around neck) {Regen+ Dex+4}
   (You found it on level 13 of the Dungeon)

   [amulet of regeneration]

   It affects your dexterity (+4).
   It increases your rate of regeneration.
 C - the ring "Iclieduf" {AC+4 Slay+2}
   (You found it on level 12 of a ziggurat)

   [ring of protection]

   It affects your AC (+4).
   It affects your accuracy and damage with ranged weapons and melee attacks
   (+2).
 E - the ring "Fuotoi Kigo" (right hand) {rPois Int+7 Dex+4 SInv}
   (You found it on level 10 of a ziggurat)

   [ring of see invisible]

   It affects your intelligence (+7).
   It affects your dexterity (+4).
   It protects you from poison.
   It lets you see invisible.
 L - the ring of Gidacw (left hand) {rF++ MR+ Int+6}
   (You found it on level 13 of the Dungeon)

   [ring of intelligence]

   It affects your intelligence (+6).
   It greatly protects you from fire.
   It affects your resistance to hostile enchantments.
Wands
 p - a wand of iceblast (19)
 A - a wand of acid (34)
 J - a wand of clouds (8)
 S - a wand of disintegration (56)
Scrolls
 l - 15 scrolls of amnesia
 x - 29 scrolls of remove curse
 z - 34 scrolls of identify
 B - 7 scrolls of holy word
 F - 21 scrolls of fog
 N - 5 scrolls of summoning
 U - 9 scrolls of immolation
 V - 11 scrolls of enchant armour
Potions
 h - 9 potions of brilliance
 k - 6 potions of ambrosia
 m - 5 potions of magic
 s - 10 potions of cancellation
 t - 3 potions of mutation
 w - 20 potions of curing
 y - 7 potions of might
 G - 8 potions of resistance
 M - 27 potions of heal wounds
Books
 X - a manual of Fire Magic
Miscellaneous
 f - 15 boxes of beasts
 g - a phial of floods
 H - 27 phantom mirrors
 Y - a lightning rod (4/4)
Comestibles
 v - 46 rations


   Skills:
 * Level 16.7 Fighting
 * Level 16.7 Armour
 * Level 13.8 Dodging
 * Level 16.8 Stealth
 * Level 20.3 Shields
 * Level 16.5 Spellcasting
   Level 6.0 Conjurations
 - Level 10.0 Hexes
 - Level 6.0 Charms
 - Level 8.0 Summonings
 - Level 19.0 Necromancy
   Level 0.8 Translocations
 - Level 19.0 Transmutations
 * Level 11.8 Fire Magic
 - Level 6.0 Ice Magic
 O Level 27 Air Magic
 O Level 27 Earth Magic
 - Level 12.0 Evocations


You had 9 spell levels left.
You knew the following spells:

 Your Spells              Type           Power        Failure   Level  Hunger
a - Borgnjor's Vile Clut  Necr/Erth      ########..   0%          5    None
b - Shatter               Erth           #########.   1%          9    ##.....
c - Tornado               Air            #########.   1%          9    ##.....
d - Necromutation         Tmut/Necr      ########..   1%          8    None
e - Lee's Rapid Deconstr  Erth           #########.   0%          5    None
f - Darkness              Hex            ########..   1%          6    None
g - Ozocubu's Armour      Chrm/Ice       #######.     1%          3    None
i - Aura of Abjuration    Summ           #######...   1%          5    None

Your spell library contained the following spells:

 Spells                   Type           Power        Failure   Level  Hunger
 Animate Skeleton         Necr           N/A          0%          1    None
 Beastly Appendage        Tmut           ######       0%          1    None
 Corona                   Hex            #######      0%          1    None
 Foxfire                  Conj/Fire      ####         0%          1    None
 Pain                     Necr           ####         0%          1    None
 Sandblast                Erth           ######       0%          1    None
 Shock                    Conj/Air       ####         0%          1    None
 Sting                    Tmut/Pois      ####         0%          1    None
 Summon Butterflies       Summ           #######.     0%          1    None
 Summon Small Mammal      Summ           ####         0%          1    None
 Call Imp                 Summ           #######.     0%          2    None
 Corpse Rot               Necr/Air       N/A          0%          2    None
 Ensorcelled Hibernation  Hex/Ice        ######       0%          2    None
 Passwall                 Tmut/Erth      ########     0%          2    None
 Poisonous Vapours        Pois/Air       ######       0%          2    None
 Slow                     Hex            ########     0%          2    None
 Sticks to Snakes         Tmut           ########     0%          2    None
 Sublimation of Blood     Necr           ########..   0%          2    None
 Confusing Touch          Hex            ########     0%          3    None
 Ignite Poison            Fire/Tmut/Pois ########     0%          3    None
 Inner Flame              Hex/Fire       ########     0%          3    None
 Mephitic Cloud           Conj/Pois/Air  ########     0%          3    None
 Static Discharge         Conj/Air       ########     0%          3    None
 Stone Arrow              Conj/Erth      ######       0%          3    None
 Tukima's Dance           Hex            ########     0%          3    None
 Vampiric Draining        Necr           ########..   0%          3    None
 Airstrike                Air            #########.   0%          4    None
 Animate Dead             Necr           N/A          0%          4    None
 Dispel Undead            Necr           ########     0%          4    None
 Leda's Liquefaction      Hex/Erth       ########..   0%          4    None
 Petrify                  Tmut/Erth      ########     0%          4    None
 Summon Lightning Spire   Summ/Air       ########     0%          4    None
 Agony                    Necr           ########     0%          5    None
 Blade Hands              Tmut           ########..   0%          5    None
 Lightning Bolt           Conj/Air       ########..   0%          5    None
 Silence                  Hex/Air        ########..   0%          5    None
 Statue Form              Tmut/Erth      ########.    0%          6    None
 Apportation              Tloc           ######       1%          1    None
 Freeze                   Ice            ####         1%          1    None
 Infusion                 Chrm           ####         1%          1    None
 Magic Dart               Conj           ####         1%          1    None
 Searing Ray              Conj           ######       1%          2    None
 Shroud of Golubria       Chrm/Tloc      ######       1%          2    None
 Song of Slaying          Chrm           #######.     1%          2    None
 Call Canine Familiar     Summ           #######.     1%          3    None
 Conjure Flame            Conj/Fire      ########     1%          3    None
 Dazzling Flash           Conj/Hex       ######       1%          3    None
 Frozen Ramparts          Ice            ######       1%          3    None
 Gell's Gravitas          Tloc           ######....   1%          3    None
 Lesser Beckoning         Tloc           ######....   1%          3    None
 Portal Projectile        Hex/Tloc       ######       1%          3    None
 Recall                   Summ/Tloc      N/A          1%          3    None
 Spectral Weapon          Hex/Chrm       #######.     1%          3    None
 Spider Form              Tmut/Pois      ########..   1%          3    None
 Summon Guardian Golem    Hex/Summ       ########     1%          3    None
 Teleport Other           Tloc           ######..     1%          3    None
 Cause Fear               Hex            ########..   1%          4    None
 Fulminant Prism          Conj/Hex       #######...   1%          4    None
 Hailstorm                Conj/Ice       #######.     1%          4    None
 Ice Form                 Ice/Tmut       ########     1%          4    None
 Iskenderun's Mystic Bla  Conj/Tloc      ######..     1%          4    None
 Passage of Golubria      Tloc           N/A          1%          4    None
 Sticky Flame             Conj/Fire      ########     1%          4    None
 Summon Ice Beast         Ice/Summ       #######.     1%          4    None
 Alistair's Intoxication  Tmut/Pois      ########     1%          5    None
 Bolt of Magma            Conj/Fire/Erth ########..   1%          5    None
 Excruciating Wounds      Chrm/Necr      ########..   1%          5    None
 Fireball                 Conj/Fire      ########..   1%          5    None
 Iskenderun's Battlesphe  Conj/Chrm      #######.     1%          5    None
 Metabolic Englaciation   Hex/Ice        #######...   1%          5    None
 Summon Demon             Summ           #######...   1%          5    None
 Summon Forest            Summ/Tloc      #######...   1%          5    None
 Summon Mana Viper        Hex/Summ       ########     1%          5    None
 Yara's Violent Unravell  Hex/Tmut       ########..   1%          5    None
 Conjure Ball Lightning   Conj/Air       ########..   1%          6    None
 Death Channel            Necr           ########..   1%          6    None
 Eringya's Noxious Bog    Tmut/Pois      ########..   1%          6    None
 Freezing Cloud           Conj/Ice/Air   ########..   1%          6    None
 Hydra Form               Tmut           ########..   1%          6    None
 Invisibility             Hex            ########     1%          6    None
 Iron Shot                Conj/Erth      ########..   1%          6    None
 Shadow Creatures         Summ           N/A          1%          6    None
 Simulacrum               Ice/Necr       ########..   1%          6    None
 Starburst                Conj/Fire      ########..   1%          6    None
 Dragon Form              Tmut           ########..   1%          7    None
 Haunt                    Necr/Summ      ########..   1%          7    None
 Borgnjor's Revivificati  Necr           ########..   1%          8    None
 Infestation              Necr           ########..   1%          8    None
 Olgreb's Toxic Radiance  Pois           #####...     3%          4    None
 Ozocubu's Refrigeration  Ice            #######...   3%          6    None
 Ring of Flames           Chrm/Fire      ########..   6%          7    None
 Monstrous Menagerie      Summ           #######...   10%         7    None
 Summon Greater Demon     Summ           #######...   10%         7    None
 Summon Hydra             Summ           #######...   10%         7    None
 Death's Door             Chrm/Necr      ########..   12%         8    None
 Ignition                 Fire           ########..   16%         8    None
 Orb of Destruction       Conj           #######...   22%         7    None
 Dispersal                Tloc           ######....   30%         6    None
 Malign Gateway           Summ/Tloc      #######...   38%         7    None
 Summon Horrible Things   Summ           #######...   58%         8    None
 Disjunction              Tloc           ######....   100%        8    None
 Dragon's Call            Summ           #######...   100%        9    ##.....
 Swiftness                Chrm/Air       Unusable     N/A         2    N/A
 Blink                    Tloc           Unusable     N/A         2    N/A
 Controlled Blink         Tloc           Unusable     N/A         8    N/A

Dungeon Overview and Level Annotations

Branches:
Dungeon (15/15)            Temple (1/1) D:5            Lair (6/6) D:8
 Shoals (4/4) Lair:2        Snake (4/4) Lair:2        Slime (0/5) Lair:6
    Orc (2/2) D:11            Elf (3/3) Orc:2        Vaults (5/5) D:14
  Crypt (3/3) Vaults:2       Tomb (3/3) Crypt:3      Depths (0/5) D:15
 Bailey (visited)         Volcano (visited)

Altars:
Ashenzari
Cheibriados
Dithmenos
Elyvilon
Fedhas
Gozag
Hepliaklqana
Kikubaaqudgha
Makhleb
Nemelex Xobeh
Okawaru
Qazlal
Ru
Sif Muna
Trog
Uskayaw
Vehumet
Wu Jian
Xom
Yredelemnul
Zin
The Shining One
Beogh

Shops:
D:6 ?   D:9 %*   Orc:2 [:*(   Vaults:4 %   Vaults:5 ?!?   Tomb:3 [((=(([==[[[


Innate Abilities, Weirdness & Mutations

You cannot be hasted, slowed, berserked, paralysed or teleported.
You can dig through walls and to a lower floor.
Your four strong arms can wield two-handed weapons with a shield.
You have a pair of large antennae on your head. (SInv)
You have large cloven feet.
You are partially covered in iridescent scales. (AC +2)
Your mind is acute. (Int +2)
You are resistant to hostile enchantments. (MR+)


Message History

The ophan convulses!
The angel convulses!
The apis convulses!
The angel convulses!
The ophan convulses! x2
You are engulfed in blessed fire.
The daeva calls down the wrath of the Shining One upon you.
The Shining One smites you!
The ophan calls forth blessed flames!
Blessed fire suddenly surrounds you! The apis gores you! The apis sears you!!
The angel hits you with a +2 sacred scourge of holy wrath!!
You convulse!
You block the angel's attack.
You feel yourself come back to life.
You are engulfed in blessed fire.
The apis gores you!!
You die...
Your body crumbles into a pile of gold.

▓▓...........▓
▓▓.............▓
▓▓...............
▓▓........§§....{D
▓▓.........§§.Y§{{A
▓▓..........§..§D{GD
▓.∩.........§GD{{{YA
▓▓.........§AY§.{{{|
▓▓........§@G§D.{YA
▓▓.......AGA§G..G$
▓▓.........G.....
▓▓.............▓
▓▓...........▓▓
▓▓▓▓▓▓▓▓▓▓▓▓▓


You could see 2 apis, a daeva (strong), a pearl dragon, 2 angels and 5 ophanim.

Vanquished Creatures
  4 juggernauts
  19 ancient liches
  16 pandemonium lords
  36 greater mummies
  Frederick (Vaults:2)
  A shard shrike (Zig:14)
  6 Killer Klowns
  Saint Roka (Vaults:2)
  4 caustic shrikes
  A golden dragon (shapeshifter) (Zig:23)
  36 golden dragons
  2 bone dragons
  A doom hound (Zig:6)
  A Brimstone Fiend (Zig:16)
  2 electric golems (Zig:9)
  Jorgrun (Orc:1)
  2 hellephants (Vaults:1)
  7 liches
  12 tentacled monstrosities
  2 Tzitzimimeh (Zig:16)
  An Ice Fiend (Zig:14)
  2 iron giants (Zig:18)
  4 Hell Sentinels
  Asterion (Vaults:3)
  9 quicksilver dragons
  27 titans
  An acid blob (shapeshifter) (Zig:23)
  13 deep elf blademasters
  19 deep elf master archers
  9 acid blobs
  2 Executioners (Zig:16)
  21 sphinxes
  A sphinx (shapeshifter) (Zig:5)
  9 tengu reavers
  Polyphemus (Shoals:2)
  12 ancient champions
  8 storm dragons
  Agnes (Elf:1)
  5 shadow dragons
  3 draconian monks (Zig:9)
  A storm dragon (shapeshifter) (Zig:14)
  3 azure jellies (Zig:21)
  The ghost of Eddaez Biosh the Severer, a journeyman HOFi of Okawaru (Shoals:2)
  45 nagarajas
  5 fire giants
  11 revenants
  2 balrugs (Zig:16)
  17 frost giants
  3 warmongers (Zig:16)
  6 deep elf sorcerers
  3 frost giants (shapeshifter) (Zig:23)
  2 iron dragons
  6 orc warlords
  30 vault wardens
  Louise (Snake:4)
  3 curse skulls
  10 ghost moths (Zig:19)
  4 black suns (Zig:16)
  The ghost of Weggeike the Fighter, a journeyman MiBe of Trog (D:13)
  3 cacodemons (Zig:16)
  7 deep elf elementalists
  3 draconian scorchers (Zig:9)
  An emperor scorpion (Zig:19)
  2 draconian stormcallers (Zig:9)
  5 ghouls
  14 very ugly things
  7 reapers
  A draconian annihilator (Zig:9)
  26 ironheart preservers
  8 entropy weavers
  A draconian shifter (Zig:9)
  A blood saint (Zig:16)
  2 juggernaut skeletons (Zig:14)
  7 war gargoyles
  18 stone giants
  2 corrupters (Zig:16)
  11 vampire knights
  A starcursed mass (Zig:2)
  A green draconian (Zig:9)
  20 deep elf demonologists
  A stone giant (shapeshifter) (Zig:23)
  6 bennus
  18 deep elf annihilators
  Azrael (Elf:1)
  A spectral titan (Crypt:3)
  3 black draconians (Zig:9)
  2 dire elephants
  A purple draconian (Zig:9)
  A dire elephant (shapeshifter) (Zig:23)
  3 spark wasps
  A white draconian (Zig:9)
  3 merfolk javelineers (Shoals:4)
  15 eidola
  2 spectral quicksilver dragons (Crypt:3)
  11 merfolk impalers
  4 blizzard demons
  2 crystal guardians
  8 deep elf death magi
  18 ettins
  A spectral golden dragon (Crypt:3)
  8 green deaths
  20 jiangshi
  30 mummy priests
  14 deep elf high priests
  7 fire dragons
  2 death oozes (Zig:21)
  A quicksilver dragon skeleton (Crypt:1)
  29 yaktaur captains
  10 great orbs of eyes
  33 vault guards
  Fannar (D:10)
  18 hydras
  2 rakshasas
  3 ice dragons
  2 shambling mangroves (Zig:26)
  Erica (D:8)
  Harold (D:8)
  25 naga warriors
  3 catoblepae
  A spriggan air mage (Zig:9)
  18 centaur warriors
  4 merfolk aquamancers
  3 alligator snapping turtles (Shoals:4)
  5 merfolk avatars
  A catoblepas (shapeshifter) (Zig:23)
  An alligator snapping turtle (shapeshifter) (Zig:14)
  2 spectral frost giants (Crypt:3)
  4 spectral stone giants (Crypt:3)
  6 tengu warriors
  36 death scarabs
  16 anacondas
  2 two-headed ogres (shapeshifter)
  6 vampire magi
  8 death knights
  3 satyrs
  2 alligators
  10 death yaks
  A shock serpent (shapeshifter) (Zig:20)
  28 two-headed ogres
  A deep troll earth mage (Vaults:5)
  18 ogre magi
  3 spectral storm dragons (Crypt:3)
  3 orc high priests
  20 shock serpents
  Urug (D:10)
  14 hell knights (Vaults:1)
  2 iron golems (Zig:11)
  24 deep elf knights
  A titan zombie (Zig:13)
  2 storm dragon zombies
  A titan skeleton (Tomb:2)
  Nergalle (D:11)
  2 soul eaters
  Sonja (Orc:1)
  32 naga sharpshooters
  A spriggan (Zig:6)
  2 fire crabs (shapeshifter)
  10 salamander mystics
  A storm dragon skeleton (Crypt:1)
  7 shadow wraiths
  A wretched star (Zig:2)
  A fire crab (Lair:6)
  An iron troll (shapeshifter) (Zig:23)
  3 wizards
  A spectral iron dragon (Crypt:3)
  2 anaconda zombies (Crypt:1)
  A sixfirhy (Zig:16)
  5 spark wasp zombies
  16 death drakes (Zig:26)
  12 flayed ghosts
  5 unseen horrors
  A ghost moth zombie (Crypt:1)
  4 sea snakes (shapeshifter)
  8 deep trolls
  6 glowing orange brains
  6 sea snakes
  23 skeletal warriors
  5 swamp dragons
  3 deep trolls (shapeshifter)
  A shadow demon (Zig:6)
  9 naga ritualists
  A swamp dragon (shapeshifter) (Zig:14)
  28 ironbrand convokers
  3 spriggan druids
  A tengu zombie (Zig:14)
  27 deep elf archers
  3 golden dragon skeletons (Zig:14)
  An obsidian statue (Zig:7)
  An orange crystal statue (Zig:7)
  2 mana vipers (shapeshifter)
  3 necromancers
  19 phantasmal warriors
  A sphinx zombie (Zig:6)
  5 lindwurms
  2 wolf spider zombies
  6 orc sorcerers
  2 anaconda skeletons
  15 mana vipers
  27 orc knights
  2 frost giant zombies
  24 harpies
  20 ugly things
  21 wolf spiders
  8 orb spiders (Zig:19)
  An orb spider (shapeshifter) (Zig:25)
  A sphinx skeleton (Zig:13)
  2 spectral fire dragons (Crypt:3)
  2 wolf spiders (shapeshifter)
  A harpy (shapeshifter) (Vaults:2)
  11 manticores
  19 fauns
  96 deep elf magi
  10 cyclopes
  9 salamanders
  2 salamanders (shapeshifter)
  A spectral ice dragon (Crypt:3)
  2 shining eyes (shapeshifter) (Zig:20)
  A fire giant zombie (Zig:14)
  A spectral ettin (Crypt:3)
  7 oklob plants
  9 shining eyes
  A moth of wrath (shapeshifter) (Zig:20)
  8 merfolk sirens
  10 apocalypse crabs
  An elephant (shapeshifter) (D:15)
  A centaur zombie (D:11)
  A frost giant skeleton (Crypt:3)
  32 vault sentinels
  10 elephants
  2 ice statues (Zig:7)
  3 fire giant skeletons
  33 naga magi
  2 water nymphs (shapeshifter)
  6 water nymphs
  A guardian serpent (shapeshifter) (Zig:11)
  4 molten gargoyles
  64 black mambas
  4 eyes of devastation (Zig:21)
  A green draconian zombie (Crypt:3)
  18 spiny frogs
  12 guardian serpents
  A death yak zombie (Crypt:2)
  7 gargoyles
  A torpor snail (shapeshifter) (Zig:10)
  Maggie (D:6)
  A rime drake (shapeshifter) (Elf:2)
  4 kobold demonologists (D:13)
  31 freezing wraiths
  An alligator snapping turtle skeleton (Crypt:2)
  2 tormentors
  3 efreet
  56 yaktaurs
  A komodo dragon (shapeshifter) (Zig:25)
  6 ice devils (Zig:14)
  5 demonic crawlers (Zig:19)
  A tengu conjurer (D:13)
  10 komodo dragons
  A hydra zombie (Tomb:2)
  An anaconda simulacrum (Crypt:3)
  4 rime drakes
  51 guardian mummies
  2 jumping spiders (shapeshifter)
  2 yellow draconian skeletons (Crypt:2)
  A purple draconian skeleton (Crypt:1)
  A yaktaur skeleton (D:13)
  A merfolk (shapeshifter) (Zig:25)
  14 trolls
  A meliai (shapeshifter) (D:15)
  33 merfolk
  A polar bear (shapeshifter) (D:15)
  A polar bear (Lair:6)
  3 queen bees (shapeshifter)
  4 wind drakes
  Grinder (D:2)
  6 jumping spiders
  A wind drake (shapeshifter) (Zig:20)
  8 tyrant leeches
  A shadow dragon simulacrum (Crypt:1)
  A blink frog (shapeshifter) (Vaults:2)
  8 hornets
  A dream sheep (Zig:10)
  A raiju (shapeshifter) (Vaults:3)
  30 slime creatures
  8 snapping turtles
  3 bog bodies
  2 dream sheep (shapeshifter)
  2 harpy skeletons
  A snapping turtle (shapeshifter) (Zig:10)
  2 fire giant simulacra
  21 hippogriffs
  6 blink frogs
  2 slime creatures (shapeshifter)
  8 redbacks
  A redback (shapeshifter) (Vaults:5)
  51 flying skulls
  7 air elementals
  An alligator skeleton (Tomb:1)
  13 wraiths
  5 tarantellas
  2 fire dragon skeletons
  Sigmund (D:1)
  10 fire elementals
  35 ushabtiu
  5 shadows
  10 wyverns
  Eustachio (D:6)
  A basilisk (shapeshifter) (Vaults:1)
  An ice dragon skeleton (Tomb:2)
  9 basilisks
  A ynoxinul (Zig:16)
  A golden eye (shapeshifter) (Vaults:4)
  3 hungry ghosts
  Grum (D:10)
  3 elf zombies
  An elf skeleton (Zig:7)
  42 yaks
  6 chaos spawn
  4 steam dragons
  4 golden eyes
  6 vampire mosquitoes
  12 water elementals
  3 fire bats (Orc:1)
  17 wargs
  A two-headed ogre zombie (D:13)
  3 insubstantial wisps (Zig:9)
  2 deep troll zombies
  10 hell hounds
  10 water moccasins
  2 acid dragons
  54 nagas
  A monstrous demonspawn skeleton (Crypt:3)
  A spectral spiny frog (Crypt:3)
  A floating eye (shapeshifter) (Zig:25)
  5 porcupines
  A spectral snapping turtle (Crypt:3)
  45 orc warriors
  2 swamp drakes
  A hornet zombie (D:5)
  A floating eye (Lair:1)
  A gelid demonspawn skeleton (Crypt:2)
  A swamp drake (shapeshifter) (Zig:23)
  2 black bears
  3 sky beasts
  6 ice beasts
  4 phantoms
  8 eyes of draining
  An ettin simulacrum (Crypt:3)
  3 boggarts (Vaults:3)
  27 centaurs
  15 orc skeletons
  8 wolves
  34 ogres
  5 necrophages
  19 crocodiles
  2 big kobolds (D:13)
  6 earth elementals
  A small abomination (Zig:2)
  25 bullfrogs
  A gnoll sergeant (D:11)
  A scorpion (shapeshifter) (Vaults:5)
  2 wyvern skeletons
  2 water moccasin skeletons (D:7)
  6 scorpions
  2 tengu skeletons (D:12)
  21 killer bees
  A snapping turtle simulacrum (Crypt:3)
  17 wights
  2 troll skeletons
  A spriggan skeleton (Volcano)
  2 howler monkeys
  A bullfrog zombie (Crypt:3)
  5 lava snakes
  14 crimson imps
  A wolf skeleton (Crypt:2)
  A demonspawn zombie (Crypt:1)
  27 orc priests
  6 centaur skeletons
  9 jellies
  8 hounds
  34 orc wizards
  Natasha (thrice) (D:2)
  3 bullfrog skeletons
  A demonspawn skeleton (Crypt:1)
  An iguana (shapeshifter) (Vaults:5)
  5 iguanas
  10 worker ants
  2 big kobold zombies
  2 ogre zombies
  A naga skeleton (Volcano)
  2 ogre skeletons
  2 hound skeletons (D:13)
  59 mummies
  12 gnolls
  7 adders
  An adder (shapeshifter) (Vaults:5)
  4 shadow imps
  6 white imps (Zig:14)
  2 oozes
  4 adder zombies
  An iguana zombie (D:14)
  A lava snake zombie (Crypt:3)
  2 adder skeletons
  An iguana skeleton (D:14)
  2 worms (D:5)
  A dart slug (D:1)
  5 leopard geckos
  125 orcs
  3 ball pythons
  6 giant cockroaches
  A gnoll zombie (Crypt:3)
  15 goblins
  12 hobgoblins
  16 jackals
  6 quokkas
  6 bats
  5 frilled lizards
  A frilled lizard skeleton (Crypt:2)
  8 gnoll skeletons (Bailey)
  A jackal skeleton (Crypt:3)
  34 kobolds
  An orc zombie (Bailey)
  2 quokka skeletons
  2 quokka zombies (D:9)
  6 rats
  A bush (Lair:6)
  2 butterflies
  10 fungi
  25 plants
3465 creatures vanquished.

Vanquished Creatures (collateral kills)
  A killer bee (D:10)
1 creature vanquished.

Vanquished Creatures (others)
  A pandemonium lord (Zig:23)
  39 dancing weapons
  A deep elf archer (Elf:1)
  An ogre (Vaults:5)
  3 lava snakes
  A bush (Lair:6)
  5 fungi
  4 plants
55 creatures vanquished.

Grand Total: 3521 creatures vanquished

Notes
Turn   | Place    | Note
-------+----------+-------------------------------------------
     0 | D:1      | DildoBatman the Formicid Wizard began the quest for the
                  | Orb.
     0 | D:1      | Reached XP level 1. HP: 13/13 MP: 4/4
   118 | D:1      | Reached skill level 1 in Conjurations
   169 | D:1      | Reached XP level 2. HP: 19/19 MP: 1/6
   462 | D:1      | Reached XP level 3. HP: 18/24 MP: 3/7
  1166 | D:2      | Noticed Sigmund
  1488 | D:2      | Reached XP level 4. HP: 29/30 MP: 5/8
  1723 | D:2      | Learned a level 3 spell: Conjure Flame
  1727 | D:2      | Learned a level 3 spell: Mephitic Cloud
  1786 | D:2      | Found an opulent altar of Gozag.
  1787 | D:2      | Found a sparkling altar of Nemelex Xobeh.
  2220 | D:3      | Reached XP level 5. HP: 18/35 MP: 2/9
  2635 | D:3      | Noticed Grinder
  2694 | D:3      | Found a stormy altar of Qazlal.
  2694 | D:3      | Found a shimmering altar of Xom.
  2698 | D:3      | Found a glowing silver altar of Zin.
  2698 | D:3      | Found a bloodstained altar of Trog.
  3035 | D:3      | Found a glowing golden altar of the Shining One.
  3140 | D:3      | Noticed Natasha
  3459 | D:3      | Noticed a centaur
  3480 | D:3      | Killed a centaur
  3480 | D:3      | Reached skill level 5 in Conjurations
  3480 | D:3      | Reached XP level 6. HP: 15/41 MP: 5/10
  3559 | D:4      | Found an ornate altar of the Wu Jian Council.
  3781 | D:4      | Reached skill level 1 in Fire Magic
  4306 | D:4      | Reached skill level 1 in Air Magic
  4533 | D:5      | Entered Level 5 of the Dungeon
  4540 | D:5      | Reached XP level 7. HP: 46/46 MP: 11/11
  4609 | D:5      | Found a shattered altar of Ashenzari.
  4971 | D:5      | Found a staircase to the Ecumenical Temple.
  4997 | Temple   | Entered the Ecumenical Temple
  5049 | Temple   | Became a worshipper of Kikubaaqudgha
  5247 | D:5      | Reached XP level 8. HP: 14/52 MP: 9/12
  5848 | D:2      | Killed Grinder
  5956 | D:2      | Killed Natasha
  6425 | D:2      | Noticed Natasha
  6437 | D:2      | Killed Natasha
  6453 | D:2      | Noticed Natasha
  6466 | D:2      | Killed Natasha
  6569 | D:1      | Killed Sigmund
  6569 | D:1      | Reached skill level 5 in Fire Magic
  6715 | D:6      | Found Faky's Magic Scroll Emporium.
  6735 | D:6      | Bought a scroll of magic mapping for 42 gold pieces
  6735 | D:6      | Bought a scroll of noise for 12 gold pieces
  6824 | D:6      | Reached skill level 1 in Necromancy
  6824 | D:6      | Reached XP level 9. HP: 57/57 MP: 7/13
  6861 | D:6      | Reached * piety under Kikubaaqudgha
  6861 | D:6      | Identified Kikubaaqudgha's Incunabulum of Stolen Souls
                  | (Kikubaaqudgha gifted it to you on level 6 of the Dungeon)
  6861 | D:6      | Received a gift from Kikubaaqudgha
  6984 | D:6      | Reached skill level 5 in Air Magic
  7159 | D:6      | Noticed Eustachio
  7245 | D:6      | Killed Eustachio
  7511 | D:6      | Learned a level 2 spell: Sublimation of Blood
  7515 | D:6      | Learned a level 3 spell: Vampiric Draining
  7630 | D:6      | Reached skill level 1 in Fighting
  7865 | D:6      | Reached skill level 1 in Armour
  7979 | D:7      | Reached skill level 5 in Necromancy
  7989 | D:7      | Noticed Maggie
  8061 | D:6      | Killed Maggie
  8145 | D:7      | Reached XP level 10. HP: 61/68 MP: 11/16
  8169 | D:7      | Reached ** piety under Kikubaaqudgha
  8331 | D:7      | Found a burning altar of Makhleb.
  8608 | D:7      | You fall into a shaft and drop 3 floors!
  8608 | D:10     | Entered Level 10 of the Dungeon
  8610 | D:10     | Noticed Urug
  8718 | D:10     | Noticed Grum
  8728 | D:10     | Killed Grum
  8823 | D:10     | Killed Urug
  8823 | D:10     | Reached skill level 5 in Spellcasting
  8985 | D:10     | Noticed an unseen horror
  9080 | D:10     | Killed an unseen horror
  9344 | D:10     | Noticed Fannar
  9378 | D:10     | Killed Fannar
  9378 | D:10     | Reached skill level 5 in Fighting
  9378 | D:10     | Reached skill level 5 in Armour
  9378 | D:10     | Reached XP level 11. HP: 72/79 MP: 19/19
  9433 | D:10     | Identified Sif Muna's Tome of Supportive Shape Shifting
  9478 | D:10     | Reached *** piety under Kikubaaqudgha
  9478 | D:10     | Identified Kikubaaqudgha's Guide on Stolen Souls
                  | (Kikubaaqudgha gifted it to you on level 10 of the Dungeon)
  9478 | D:10     | Received a gift from Kikubaaqudgha
  9485 | D:10     | Learned a level 4 spell: Dispel Undead
  9491 | D:10     | Learned a level 5 spell: Borgnjor's Vile Clutch
  9524 | D:10     | Reached skill level 1 in Earth Magic
 10029 | D:9      | Found Qomujuem's Assorted Antiques.
 10059 | D:9      | Bought a scroll labeled RINAPNESHA for 29 gold pieces
 10059 | D:9      | Bought 3 scrolls labeled RINAPNESHA for 87 gold pieces
 10059 | D:9      | Bought a faintly glowing scale mail for 261 gold pieces
 10069 | D:9      | Identified the +1 scale mail of Dim Light {Harm rF+ rCorr
                  | Stlth+} (You bought it in a shop on level 9 of the Dungeon)
 10158 | D:9      | Reached skill level 5 in Earth Magic
 10301 | D:9      | Found Qeothy Pot's Food Shoppe.
 10338 | D:9      | Reached **** piety under Kikubaaqudgha
 10796 | D:8      | Noticed Erica
 10818 | D:8      | Killed Erica
 10932 | D:8      | Found a staircase to the Lair.
 11034 | D:8      | Noticed Harold
 11058 | D:8      | Killed Harold
 11128 | D:8      | Found a sacrificial altar of Ru.
 11155 | D:8      | Reached ***** piety under Kikubaaqudgha
 11525 | D:8      | Found an iron altar of Okawaru.
 12029 | D:11     | Reached XP level 12. HP: 76/86 MP: 15/21
 12136 | D:11     | Reached skill level 5 in Dodging
 12180 | D:11     | Noticed a two-headed ogre
 12199 | D:11     | Killed a two-headed ogre
 12266 | D:11     | Noticed a five-headed hydra
 12280 | D:11     | Killed a four-headed hydra
 12333 | D:11     | Noticed Nergalle
 12341 | D:11     | Killed Nergalle
 12342 | D:11     | Found a staircase to the Orcish Mines.
 12670 | D:11     | Got a pair of heavily runed boots
 12736 | D:11     | Identified the -3 pair of boots of Yzet {Harm rF+ rCorr
                  | Int+2} (You found it on level 11 of the Dungeon)
 13367 | Orc:1    | Entered Level 1 of the Orcish Mines
 13413 | Orc:1    | Noticed a two-headed ogre
 13436 | Orc:1    | Killed a two-headed ogre
 13445 | Orc:1    | Noticed Sonja
 13454 | Orc:1    | Killed Sonja
 13587 | Orc:1    | Found a dark tunnel.
 13607 | Orc:1    | Reached ****** piety under Kikubaaqudgha
 13631 | Orc:1    | Received a gift from Kikubaaqudgha
 13743 | Volcano  | Entered a volcano
 13774 | Volcano  | Reached XP level 13. HP: 98/98 MP: 17/22
 14336 | Orc:1    | Fell from the grace of Kikubaaqudgha
 14587 | D:2      | Became a worshipper of Gozag Ym Sagoz the Greedy
 14804 | D:6      | Bought a scroll of identify for 24 gold pieces
 14804 | D:6      | Bought a scroll of identify for 24 gold pieces
 15102 | Orc:1    | Noticed Jorgrun
 15121 | Orc:1    | Killed Jorgrun
 15548 | Orc:2    | Entered Level 2 of the Orcish Mines
 16513 | D:12     | Noticed a six-headed hydra
 16529 | D:12     | Killed a five-headed hydra
 16529 | D:12     | Reached skill level 10 in Fighting
 16529 | D:12     | Reached skill level 10 in Armour
 16876 | D:12     | Found an ornate altar of the Wu Jian Council.
 17099 | D:13     | Noticed a centaur warrior
 17106 | D:12     | Killed a centaur warrior
 17174 | D:13     | Got a brightly glowing leather armour
 17226 | D:13     | Found a flagged portal.
 17242 | D:13     | Reached XP level 14. HP: 68/110 MP: 1/27
 17382 | D:13     | Found a runed translucent gate.
 17383 | D:13     | Found a runed translucent gate.
 17384 | D:13     | Found a runed translucent gate.
 17384 | D:13     | Found an ancient bone altar of Kikubaaqudgha.
 17385 | D:13     | Noticed Weggeike's ghost (journeyman MiBe)
 17385 | D:13     | Noticed a lich
 17385 | D:13     | Noticed a lich
 17385 | D:13     | Noticed a lich
 17386 | D:13     | Noticed a lich
 17434 | Bailey   | Entered a bailey
 17489 | Bailey   | Noticed an orc warlord
 17623 | Bailey   | Reached skill level 10 in Spellcasting
 17668 | Bailey   | Found a runed translucent gate.
 17670 | Bailey   | Found a runed translucent gate.
 17672 | Bailey   | Found a runed translucent gate.
 17917 | Bailey   | Killed an orc warlord
 17999 | D:13     | Identified the +1 leather armour of Waehea {rCorr Int+5
                  | Stlth-} (You found it on level 13 of the Dungeon)
 18016 | D:13     | Reached XP level 15. HP: 99/114 MP: 28/31
 18017 | D:13     | Reached XP level 16. HP: 105/121 MP: 28/33
 18362 | D:13     | Reached skill level 1 in Shields
 19007 | D:13     | Got a brightly glowing quarterstaff
 19013 | D:13     | Identified the +1 quarterstaff of the Original Sin {flame,
                  | rC+ MR- Int+8 Stlth-} (You found it on level 13 of the
                  | Dungeon)
 19605 | D:14     | Reached skill level 15 in Spellcasting
 19733 | D:14     | Was forgiven by Kikubaaqudgha
 19863 | D:14     | Found a gate to the Vaults.
 19950 | D:14     | Reached skill level 5 in Shields
 20110 | D:14     | Identified the +12 plate armour of Death's Door {-Cast Harm
                  | rElec}
 20110 | D:14     | Identified the cursed ring "Cozxon" {rN+ AC-4 Int+4 Dex+2}
 20235 | D:14     | Identified Ysikkusche's Handbook of Untold Secrets
 20851 | D:15     | Entered Level 15 of the Dungeon
 21052 | D:15     | Found a blossoming altar of Fedhas.
 21292 | D:15     | Reached XP level 17. HP: 92/128 MP: 9/36
 21306 | D:15     | Found a staircase to the Depths.
 21601 | D:15     | Found a shadowy altar of Dithmenos.
 22036 | Orc:2    | Found a staircase to the Elven Halls.
 22193 | Orc:2    | Found a burning altar of Makhleb.
 22226 | Orc:2    | Reached skill level 10 in Earth Magic
 22256 | Orc:2    | Found a roughly hewn altar of Beogh.
 22345 | Orc:2    | Gained mutation: Scrolls take you a little longer to read.
                  | [a neqoxec]
 22441 | Orc:2    | Reached skill level 10 in Necromancy
 22442 | Orc:2    | Found Fiumir's General Store.
 22553 | Orc:2    | Bought a potion of curing for 39 gold pieces
 22553 | Orc:2    | Bought a scroll of identify for 26 gold pieces
 22561 | Orc:2    | Found Moskiu's Antique Weapon Shop.
 22904 | Orc:2    | Found Wuusib's Book Shop.
 22920 | Orc:2    | Found Kirevvorch's Antique Armour Shop.
 23010 | Orc:2    | Bought a smoking dagger for 147 gold pieces
 23010 | Orc:2    | Identified the cursed +1 dagger of Broken Luck {antimagic,
                  | *Corrode Dex+5} (You bought it in a shop on level 2 of the
                  | Orcish Mines)
 23023 | Orc:2    | Learned a level 5 spell: Lee's Rapid Deconstruction
 23178 | D:13     | Killed a lich
 23178 | D:13     | Killed a lich
 23179 | D:13     | Killed a lich
 23184 | D:13     | Killed a lich
 23345 | D:13     | Killed Weggeike's ghost
 23386 | D:13     | Got a warped lead ring
 23394 | D:13     | Got a shimmering amethyst amulet
 23400 | D:13     | Got a masterwork cloak
 23430 | D:13     | Identified the cursed +0 cloak "Tyfuz" {Harm Stlth+} (You
                  | found it on level 13 of the Dungeon)
 23432 | D:13     | Identified the ring of Gidacw {rF++ MR+ Int+6} (You found
                  | it on level 13 of the Dungeon)
 23435 | D:13     | Identified the amulet of Relativism {Regen+ Dex+4} (You
                  | found it on level 13 of the Dungeon)
 23579 | Lair:1   | Entered Level 1 of the Lair of Beasts
 24759 | Lair:2   | Found a staircase to the Snake Pit.
 24964 | Lair:2   | Found a staircase to the Shoals.
 25320 | Lair:2   | Got a pitted kite shield
 25331 | Lair:2   | Identified the +7 kite shield of Etaxziti {rPois rC- Str+8
                  | Dex-2} (You found it on level 2 of the Lair of Beasts)
 26419 | Lair:4   | Reached skill level 15 in Earth Magic
 26445 | Lair:4   | Got a pair of ichor-stained gloves
 26456 | Lair:4   | Identified the cursed -1 pair of gloves of Feiclink {rPois
                  | rF- Dex-5 Stlth+} (You found it on level 4 of the Lair of
                  | Beasts)
 26635 | Lair:4   | Reached XP level 18. HP: 134/134 MP: 31/37
 27763 | Lair:6   | Entered Level 6 of the Lair of Beasts
 28191 | Lair:6   | Found a staircase to the Slime Pits.
 28686 | Lair:6   | Found a large runed translucent door.
 28687 | Lair:6   | Found a large runed translucent door.
 29147 | Snake:1  | Entered Level 1 of the Snake Pit
 29319 | Snake:1  | Reached skill level 10 in Shields
 29405 | Snake:1  | You fall into a shaft and drop 1 floor!
 29846 | Snake:2  | Reached XP level 19. HP: 127/140 MP: 5/38
 30387 | Snake:2  | Found a hazy altar of Hepliaklqana.
 30395 | Snake:2  | Got a jewelled dagger
 30656 | Snake:2  | Identified the cursed +0 dagger "Wiots" {pain, rC+ MR-
                  | Stlth+} (You found it on level 2 of the Snake Pit)
 31487 | Snake:4  | Entered Level 4 of the Snake Pit
 31491 | Snake:4  | Identified the cursed -5 tower shield "Eshrat" {rF- Str+7
                  | Int+3}
 31491 | Snake:4  | Noticed Louise
 32047 | Snake:4  | Killed Louise
 32057 | Snake:4  | Reached skill level 15 in Shields
 32153 | Snake:4  | Got a slimy robe
 32164 | Snake:4  | Identified the +2 robe of Inference {Dex+4} (You found it
                  | on level 4 of the Snake Pit)
 33065 | Snake:4  | Reached skill level 15 in Necromancy
 33065 | Snake:4  | Reached XP level 20. HP: 147/147 MP: 29/39
 33608 | Snake:4  | Got a serpentine rune of Zot
 34064 | D:8      | Learned a level 5 spell: Aura of Abjuration
 34125 | Shoals:1 | Entered Level 1 of the Shoals
 34126 | Shoals:1 | Lost mutation: Scrolls take you a little longer to read.
                  | [potion of mutation]
 34126 | Shoals:1 | Gained mutation: You are partially covered in icy blue
                  | scales. (AC +2) [potion of mutation]
 34126 | Shoals:1 | Gained mutation: Your spells are a little harder to cast,
                  | but a little more powerful. [potion of mutation]
 34126 | Shoals:1 | Gained mutation: Your natural rate of healing is unusually
                  | fast. [potion of mutation]
 34126 | Shoals:1 | Gained mutation: You are robust. (+10% HP) [potion of
                  | mutation]
 34593 | Shoals:1 | Got a pitted falchion
 34995 | Shoals:2 | Found a runed translucent gate.
 34996 | Shoals:2 | Found a runed translucent gate.
 34997 | Shoals:2 | Found a runed translucent gate.
 35091 | Shoals:2 | Noticed Eddaez Biosh's ghost (journeyman HOFi)
 35652 | Shoals:2 | Reached skill level 5 in Summonings
 35654 | Shoals:2 | Killed Eddaez Biosh's ghost
 35944 | Shoals:2 | Noticed Polyphemus
 35955 | Shoals:2 | Killed Polyphemus
 37090 | Shoals:4 | Entered Level 4 of the Shoals
 37200 | Shoals:4 | Reached XP level 21. HP: 128/168 MP: 25/40
 37213 | Shoals:4 | Identified the +6 falchion of Fukefuos {freeze, MR- Str+5}
                  | (You found it on level 1 of the Shoals)
 37364 | Shoals:4 | Got a barnacled rune of Zot
 37774 | Shoals:4 | Identified the ring "Jutotwis" {Wiz Dex+5}
 38609 | Vaults:1 | Entered Level 1 of the Vaults
 39417 | Vaults:1 | Learned a level 8 spell: Necromutation
 39442 | Vaults:1 | Found a huge runed gate.
 39442 | Vaults:1 | Found a huge runed gate.
 39442 | Vaults:1 | Found a huge runed gate.
 39442 | Vaults:1 | Found a huge runed gate.
 39442 | Vaults:1 | Found a huge runed gate.
 39442 | Vaults:1 | Found a huge runed gate.
 39443 | Vaults:1 | Found a huge runed gate.
 39443 | Vaults:1 | Found a huge runed gate.
 39443 | Vaults:1 | Found a huge runed gate.
 39443 | Vaults:1 | Found a huge runed gate.
 39456 | Vaults:1 | Reached skill level 1 in Transmutations
 39470 | Vaults:1 | Found a huge runed gate.
 39470 | Vaults:1 | Found a huge runed gate.
 39470 | Vaults:1 | Found a huge runed gate.
 39470 | Vaults:1 | Found a huge runed gate.
 39470 | Vaults:1 | Found a huge runed gate.
 39470 | Vaults:1 | Found a huge runed gate.
 39470 | Vaults:1 | Found a huge runed gate.
 39471 | Vaults:1 | Found a huge runed gate.
 39472 | Vaults:1 | Found a huge runed gate.
 39480 | Vaults:1 | Found a huge runed gate.
 39480 | Vaults:1 | Found a huge runed gate.
 39480 | Vaults:1 | Found a huge runed gate.
 39480 | Vaults:1 | Found a huge runed gate.
 39480 | Vaults:1 | Found a huge runed gate.
 39481 | Vaults:1 | Got a warped broad axe
 39482 | Vaults:1 | Found a huge runed gate.
 39483 | Vaults:1 | Found a huge runed gate.
 39484 | Vaults:1 | Found a huge runed gate.
 39485 | Vaults:1 | Found a huge runed gate.
 39493 | Vaults:1 | Found a huge runed gate.
 39493 | Vaults:1 | Found a huge runed gate.
 39493 | Vaults:1 | Found a huge runed gate.
 39493 | Vaults:1 | Found a huge runed gate.
 39493 | Vaults:1 | Found a huge runed gate.
 39493 | Vaults:1 | Found a huge runed gate.
 39494 | Vaults:1 | Found a huge runed gate.
 39495 | Vaults:1 | Found a huge runed gate.
 39610 | Vaults:1 | Identified the +10 broad axe "Zyusch" {freeze, rElec} (You
                  | found it on level 1 of the Vaults)
 39962 | Vaults:1 | Got a polished tower shield
 40101 | Vaults:1 | Identified the cursed +0 tower shield "Ufemikue" {MR+ Int+3
                  | Dex+4} (You found it on level 1 of the Vaults)
 40163 | Vaults:1 | Reached skill level 5 in Transmutations
 40905 | Vaults:2 | Noticed Saint Roka
 40914 | Vaults:2 | Reached XP level 22. HP: 174/174 MP: 5/41
 40916 | Vaults:2 | Killed Saint Roka
 41102 | Vaults:2 | Noticed Frederick
 41115 | Vaults:2 | Killed Frederick
 41175 | Vaults:2 | Reached skill level 10 in Transmutations
 41550 | Vaults:2 | You fall into a shaft and drop 2 floors!
 41596 | Vaults:4 | Got a pitted hunting sling
 41597 | Vaults:4 | Identified the +4 hunting sling of Departure {venom, Str+6}
                  | (You found it on level 4 of the Vaults)
 41630 | Vaults:4 | Found Atzus's Food Shoppe.
 43091 | Vaults:3 | Reached XP level 23. HP: 103/181 MP: 19/42
 43446 | Vaults:3 | Noticed Asterion
 43457 | Vaults:3 | Killed Asterion
 43457 | Vaults:3 | Reached skill level 15 in Transmutations
 44131 | Vaults:2 | Got a brightly glowing broad axe
 44132 | Vaults:2 | Identified the +7 broad axe of the Hungering Fool {chaos,
                  | +Fly rPois rC+ Dex+3} (You found it on level 2 of the
                  | Vaults)
 44228 | Vaults:2 | Found a staircase to the Crypt.
 44938 | Elf:1    | Entered Level 1 of the Elven Halls
 45018 | Elf:1    | Noticed Agnes
 45030 | Elf:1    | Killed Agnes
 45411 | Elf:1    | Noticed Azrael
 45419 | Elf:1    | Killed Azrael
 46361 | Elf:2    | Found a huge runed translucent gate.
 46361 | Elf:2    | Found a huge runed translucent gate.
 46361 | Elf:2    | Found a huge runed translucent gate.
 46361 | Elf:2    | Found a huge runed translucent gate.
 46361 | Elf:2    | Found a huge runed translucent gate.
 46781 | Elf:2    | Reached skill level 1 in Evocations
 46796 | Elf:2    | Reached XP level 24. HP: 151/189 MP: 15/42
 47155 | Elf:3    | Entered Level 3 of the Elven Halls
 47652 | Elf:3    | Reached skill level 5 in Evocations
 47798 | Elf:3    | Identified the +3 leather armour "Vudghiv" {Str+2}
 47798 | Elf:3    | Identified the +2 buckler of Boiling Hail {MR+ Dex+2 SInv}
 47798 | Elf:3    | Identified the ring "Ozaureikk" {+Blink MR+ Dex+6}
 47804 | Elf:3    | Identified the +3 dagger of Scorn {freeze, Str-4 Int+6
                  | Dex+2 SInv}
 47805 | Elf:3    | Identified the +7 hand axe of Joyful Slaughter {chaos,
                  | +Blink +Inv MR++ Dex-4}
 47811 | Elf:3    | Identified the ring "Kaomopt" {AC+4 Slay+2}
 47858 | Elf:3    | Identified the cursed ring "Opienweist" {*Drain rElec MR+
                  | Str+2 Int-4}
 47972 | Elf:3    | Identified the +6 scale mail "Nugourr" {rF+ Dex+2}
 47982 | Elf:3    | Reached skill level 10 in Evocations
 48390 | Elf:3    | Got a masterwork arbalest
 48391 | Elf:3    | Identified the +5 arbalest of Objectivity {freeze, Str+3}
                  | (You found it on level 3 of the Elven Halls)
 48402 | Elf:3    | Got a polished hand crossbow
 48403 | Elf:3    | Identified the +1 hand crossbow of Mutilation {penet, rElec
                  | rF+ rC+ Stlth+} (You found it on level 3 of the Elven
                  | Halls)
 48428 | Elf:3    | Got a warped spear
 48429 | Elf:3    | Identified the +4 spear of the Spheres {protect, rPois rN+}
                  | (You found it on level 3 of the Elven Halls)
 48868 | Crypt:1  | Entered Level 1 of the Crypt
 49239 | Crypt:1  | Got a pitted leather armour
 49255 | Crypt:1  | Found a huge runed translucent gate.
 49255 | Crypt:1  | Found a huge runed translucent gate.
 49256 | Crypt:1  | Found a huge runed translucent gate.
 49256 | Crypt:1  | Found a huge runed translucent gate.
 49256 | Crypt:1  | Found a huge runed translucent gate.
 49257 | Crypt:1  | Found a huge runed translucent gate.
 49258 | Crypt:1  | Found a huge runed translucent gate.
 49259 | Crypt:1  | Found a huge runed translucent gate.
 49259 | Crypt:1  | Found a huge runed translucent gate.
 49744 | Crypt:1  | Reached XP level 25. HP: 99/194 MP: 26/42
 49883 | Crypt:1  | Identified the cursed +0 leather armour "Bonner" {rElec
                  | Stlth+} (You found it on level 1 of the Crypt)
 50721 | Crypt:3  | Entered Level 3 of the Crypt
 51722 | Crypt:3  | Found a staircase to the Tomb.
 52325 | Crypt:3  | Got a smoking silver ring
 52404 | Crypt:3  | Found the +7 sceptre of Torment {pain, torment}
 52667 | Tomb:1   | Entered Level 1 of the Tomb of the Ancients
 52928 | Tomb:1   | Reached XP level 26. HP: 153/202 MP: 28/42
 53081 | Tomb:1   | Noticed a greater mummy
 53081 | Tomb:1   | Noticed a greater mummy
 53088 | Tomb:1   | Noticed a greater mummy
 53204 | Tomb:1   | Killed a greater mummy
 53209 | Tomb:1   | Killed a greater mummy
 53426 | Tomb:1   | Killed a greater mummy
 54140 | Orc:2    | Bought a book of the Tempests for 1120 gold pieces
 54150 | Orc:2    | Learned a level 9 spell: Shatter
 54448 | Tomb:1   | Noticed a greater mummy
 54452 | Tomb:1   | Noticed a greater mummy
 54454 | Tomb:1   | Noticed a greater mummy
 54455 | Tomb:1   | Noticed a greater mummy
 54463 | Tomb:1   | Killed a greater mummy
 54463 | Tomb:1   | Killed a greater mummy
 54463 | Tomb:1   | Noticed a greater mummy
 54467 | Tomb:1   | Killed a greater mummy
 54468 | Tomb:1   | Killed a greater mummy
 54477 | Tomb:1   | Noticed a greater mummy
 54479 | Tomb:1   | Killed a greater mummy
 54492 | Tomb:1   | Killed a greater mummy
 54593 | Tomb:1   | Noticed a greater mummy
 54597 | Tomb:1   | Noticed a greater mummy
 54599 | Tomb:1   | Noticed a greater mummy
 54601 | Tomb:1   | Killed a greater mummy
 54602 | Tomb:1   | Noticed a greater mummy
 54603 | Tomb:1   | Noticed a greater mummy
 54606 | Tomb:1   | Killed a greater mummy
 54606 | Tomb:1   | Killed a greater mummy
 54606 | Tomb:1   | Killed a greater mummy
 54609 | Tomb:1   | Killed a greater mummy
 54698 | Tomb:1   | Noticed a greater mummy
 54708 | Tomb:1   | Killed a greater mummy
 54708 | Tomb:1   | Reached XP level 27. HP: 209/209 MP: 22/42
 54711 | Tomb:1   | Noticed a greater mummy
 54720 | Tomb:1   | Killed a greater mummy
 54757 | Tomb:1   | Noticed a greater mummy
 54765 | Tomb:1   | Killed a greater mummy
 54773 | Tomb:1   | Noticed a greater mummy
 54780 | Tomb:1   | Killed a greater mummy
 54808 | Tomb:1   | Noticed a greater mummy
 54813 | Tomb:1   | Killed a greater mummy
 54890 | Tomb:1   | Noticed a greater mummy
 54899 | Tomb:1   | Killed a greater mummy
 55019 | Tomb:1   | Noticed a greater mummy
 55029 | Tomb:1   | Killed a greater mummy
 55206 | Tomb:1   | Identified the ring of the Lich-sworn {*Corrode rF+ rN+
                  | Str+5 Dex-5} (You found it on level 3 of the Crypt)
 55553 | Vaults:5 | Entered Level 5 of the Vaults
 55598 | Vaults:5 | Noticed an ancient lich
 55612 | Vaults:5 | Killed an ancient lich
 55612 | Vaults:5 | Reached skill level 27 in Earth Magic
 55630 | Vaults:4 | Learned a level 9 spell: Tornado
 56045 | Vaults:4 | Reached skill level 10 in Air Magic
 56317 | Vaults:5 | Found Jyecee Otrigh's Magic Scroll Shop.
 56544 | Vaults:5 | Identified the +3 leather armour "Irokuy" {*Contam rElec
                  | SInv}
 56939 | Vaults:5 | Got a masterwork long sword
 57033 | Vaults:5 | Bought a scroll of identify for 24 gold pieces
 57033 | Vaults:5 | Bought a scroll of immolation for 42 gold pieces
 57033 | Vaults:5 | Bought a scroll of fog for 24 gold pieces
 57101 | Vaults:5 | Found Aqiwkow's Magic Scroll Shop.
 57111 | Vaults:5 | Bought a scroll of identify for 34 gold pieces
 57111 | Vaults:5 | Bought a scroll of identify for 34 gold pieces
 57111 | Vaults:5 | Bought a scroll of enchant armour for 127 gold pieces
 57111 | Vaults:5 | Bought a scroll of identify for 34 gold pieces
 57129 | Vaults:5 | Found Cosos's Distillery.
 57133 | Vaults:5 | Bought a potion of curing for 60 gold pieces
 57133 | Vaults:5 | Bought a potion of mutation for 160 gold pieces
 57133 | Vaults:5 | Bought a potion of resistance for 200 gold pieces
 57133 | Vaults:5 | Bought a potion of resistance for 200 gold pieces
 57133 | Vaults:5 | Bought a potion of heal wounds for 100 gold pieces
 57133 | Vaults:5 | Bought a potion of brilliance for 80 gold pieces
 57133 | Vaults:5 | Bought a potion of heal wounds for 100 gold pieces
 57240 | Vaults:5 | Identified the +8 hand axe of Ekkyimav {flame, rF- Str+4
                  | Int+2}
 57240 | Vaults:5 | Identified the +4 acid dragon scales of the Shoals {+Fly
                  | rF- rN+++ rCorr}
 57525 | Vaults:5 | Identified Tauwn's Tome of Evil Talismans
 57530 | Vaults:5 | Got a silver rune of Zot
 57532 | Vaults:5 | Identified the Catalogue of Enchantment and Conjuration
 57840 | Vaults:5 | Got an iridescent short sword
 57841 | Vaults:5 | Identified the +5 short sword of Pain and Death {flame,
                  | Dex+3} (You found it on level 5 of the Vaults)
 57858 | Vaults:5 | Identified the +1 long sword of the Lusting Tiger {vorpal,
                  | Int+2} (You found it on level 5 of the Vaults)
 57863 | Vaults:5 | Got a faintly glowing battleaxe
 57864 | Vaults:5 | Identified the +6 battleaxe "Raajyn" {flame, Dex+5} (You
                  | found it on level 5 of the Vaults)
 58352 | Tomb:2   | Noticed a greater mummy
 58353 | Tomb:2   | Noticed a greater mummy
 58361 | Tomb:2   | Killed a greater mummy
 58371 | Tomb:2   | Killed a greater mummy
 58390 | Tomb:2   | Noticed a greater mummy
 58392 | Tomb:2   | Noticed a greater mummy
 58410 | Tomb:2   | Killed a greater mummy
 58417 | Tomb:2   | Killed a greater mummy
 58990 | Tomb:3   | Entered Level 3 of the Tomb of the Ancients
 59015 | Tomb:3   | Noticed a greater mummy
 59021 | Tomb:3   | Noticed a greater mummy
 59023 | Tomb:3   | Noticed a greater mummy
 59024 | Tomb:3   | Noticed a greater mummy
 59025 | Tomb:3   | Reached skill level 15 in Air Magic
 59029 | Tomb:3   | Found the +3 robe of Folly {Archmagi, MR-- Int+5}
 59111 | Tomb:3   | Noticed an ancient lich
 59112 | Tomb:3   | Noticed a greater mummy
 59113 | Tomb:3   | Noticed a greater mummy
 59114 | Tomb:3   | Killed a greater mummy
 59114 | Tomb:3   | Killed a greater mummy
 59115 | Tomb:3   | Killed a greater mummy
 59115 | Tomb:3   | Killed a greater mummy
 59116 | Tomb:3   | Noticed a greater mummy
 59192 | Tomb:2   | Killed a greater mummy
 59257 | Tomb:3   | Killed a greater mummy
 59257 | Tomb:3   | Killed an ancient lich
 59267 | Tomb:3   | Killed a greater mummy
 59459 | Tomb:3   | Found the +9 staff of Wucad Mu {channel}
 59802 | Tomb:3   | Got a golden rune of Zot
 59879 | Tomb:3   | Got a transparent quarterstaff
 59896 | Tomb:3   | Identified the +0 quarterstaff of Yshryl {flame, rC+ Str-3
                  | Dex+4} (You found it on level 3 of the Tomb of the
                  | Ancients)
 60005 | Tomb:3   | Learned a level 6 spell: Darkness
 60078 | Tomb:3   | Bought a pair of shimmering gloves for 275 gold pieces
 60088 | Tomb:3   | Identified the +2 pair of gloves "Byritot" {Str-3 Int+7}
                  | (You bought it in a shop on level 3 of the Tomb of the
                  | Ancients)
 60102 | Tomb:3   | Bought a glowing tower shield for 255 gold pieces
 60102 | Tomb:3   | Bought a pair of masterwork boots for 323 gold pieces
 60127 | Tomb:3   | Identified the +1 pair of boots of the Curious Mystics
                  | {rCorr Dex+3} (You bought it in a shop on level 3 of the
                  | Tomb of the Ancients)
 60138 | Zig:1    | Entered Level 1 of a ziggurat
 60174 | Zig:2    | Entered Level 2 of a ziggurat
 60179 | Zig:2    | Reached skill level 1 in Hexes
 60221 | Zig:3    | Entered Level 3 of a ziggurat
 60271 | Zig:4    | Entered Level 4 of a ziggurat
 60275 | Zig:4    | Noticed a juggernaut
 60283 | Zig:4    | Killed a juggernaut
 60333 | Zig:5    | Entered Level 5 of a ziggurat
 60339 | Zig:5    | Noticed a Killer Klown
 60341 | Zig:5    | Killed a Killer Klown
 60343 | Zig:5    | Reached skill level 5 in Hexes
 60370 | Zig:5    | Got a translucent lajatang
 60371 | Zig:5    | Identified the +8 lajatang of Vatiew {protect, Int+5} (You
                  | found it on level 5 of a ziggurat)
 60400 | Zig:6    | Entered Level 6 of a ziggurat
 60406 | Zig:6    | Found the +3 sling "Punk" {acid, rCorr}
 60470 | Zig:7    | Entered Level 7 of a ziggurat
 60506 | Zig:7    | Got a coiled platinum ring
 60518 | Zig:7    | Got a flickering iron amulet
 60555 | Zig:8    | Entered Level 8 of a ziggurat
 60599 | Zig:8    | Identified Meigiali's Tome of Ghastly Translocation
 60623 | Zig:9    | Entered Level 9 of a ziggurat
 60736 | Zig:10   | Entered Level 10 of a ziggurat
 60788 | Zig:10   | Got a wavering turquoise ring
 60811 | Zig:10   | Got a pair of dazzling gloves
 60826 | Zig:10   | Identified the +0 pair of gloves of the Desert {Str-2
                  | Dex+9} (You found it on level 10 of a ziggurat)
 60850 | Zig:11   | Entered Level 11 of a ziggurat
 60867 | Zig:11   | Reached skill level 10 in Hexes
 60952 | Zig:12   | Entered Level 12 of a ziggurat
 60984 | Zig:12   | Identified the Reference Book on Earthen Transformation
 61011 | Zig:12   | Identified the ring "Hextaok" {+Blink rElec SInv} (You
                  | found it on level 7 of a ziggurat)
 61013 | Zig:12   | Identified the amulet "Zakot" {Faith rF- Int+5 Dex+2} (You
                  | found it on level 7 of a ziggurat)
 61017 | Zig:12   | Identified the ring "Fuotoi Kigo" {rPois Int+7 Dex+4 SInv}
                  | (You found it on level 10 of a ziggurat)
 61027 | Zig:12   | Got a shimmering glass ring
 61038 | Zig:12   | Identified the Collected Works on Evil Enhancements
 61078 | Zig:12   | Identified the ring "Iclieduf" {AC+4 Slay+2} (You found it
                  | on level 12 of a ziggurat)
 61115 | Zig:13   | Entered Level 13 of a ziggurat
 61120 | Zig:13   | Noticed a greater mummy
 61121 | Zig:13   | Noticed a greater mummy
 61124 | Zig:13   | Noticed a greater mummy
 61126 | Zig:13   | Killed a greater mummy
 61128 | Zig:13   | Killed a greater mummy
 61128 | Zig:13   | Killed a greater mummy
 61200 | Zig:13   | Identified Qikkomot's Grimoire of Orientation
 61214 | Zig:13   | Identified Nesir's Guide on Captivating Evil
 61250 | Zig:14   | Entered Level 14 of a ziggurat
 61260 | Zig:14   | Noticed Obirua the pandemonium lord
 61260 | Zig:14   | Noticed a Killer Klown
 61262 | Zig:14   | Noticed a Killer Klown
 61263 | Zig:14   | Noticed Nazomiq the pandemonium lord
 61263 | Zig:14   | Noticed Vofah the pandemonium lord
 61264 | Zig:14   | Killed a Killer Klown
 61264 | Zig:14   | Killed Nazomiq the pandemonium lord
 61264 | Zig:14   | Killed Obirua the pandemonium lord
 61264 | Zig:14   | Killed a Killer Klown
 61265 | Zig:14   | Noticed Ruif the pandemonium lord
 61269 | Zig:14   | Killed Vofah the pandemonium lord
 61287 | Zig:14   | Killed Ruif the pandemonium lord
 61355 | Zig:14   | Got an encrusted shortbow
 61372 | Zig:15   | Entered Level 15 of a ziggurat
 61384 | Zig:15   | Noticed an ancient lich
 61388 | Zig:15   | Killed an ancient lich
 61469 | Zig:15   | Got a slimy golden ring
 61504 | Zig:16   | Entered Level 16 of a ziggurat
 61514 | Zig:16   | Noticed Gohiamua the pandemonium lord
 61517 | Zig:16   | Killed Gohiamua the pandemonium lord
 61575 | Zig:16   | Found the +6 arbalest "Damnation" {damnation}
 61627 | Zig:16   | Got a wavering wooden ring
 61633 | Zig:16   | Got a fine golden ring
 61643 | Zig:16   | Identified the cursed ring of Fomuthah {rElec rC- MR- Int+8
                  | Dex-4} (You found it on level 16 of a ziggurat)
 61646 | Zig:16   | Identified the ring "Buisowya" {rElec MR+ rCorr Stlth+}
                  | (You found it on level 15 of a ziggurat)
 61648 | Zig:16   | Identified the ring "Doimm" {Wiz +Blink rF++ Dex-2} (You
                  | found it on level 16 of a ziggurat)
 61661 | Zig:17   | Entered Level 17 of a ziggurat
 61826 | Zig:18   | Entered Level 18 of a ziggurat
 61837 | Zig:18   | Noticed a juggernaut
 61838 | Zig:18   | Identified a scroll of acquirement
 61838 | Zig:18   | Noticed a juggernaut
 61840 | Zig:18   | Noticed a juggernaut
 61842 | Zig:18   | Killed a juggernaut
 61843 | Zig:18   | Killed a juggernaut
 61850 | Zig:18   | Killed a juggernaut
 61927 | Zig:18   | Identified the Catalogue of Necromancy and Fire
 61933 | Zig:18   | Got a bound amber ring
 61980 | Zig:19   | Entered Level 19 of a ziggurat
 62078 | Zig:19   | Got a glittering bronze amulet
 62124 | Zig:20   | Entered Level 20 of a ziggurat
 62135 | Zig:20   | Noticed an ancient lich
 62135 | Zig:20   | Noticed an ancient lich
 62137 | Zig:20   | Noticed an ancient lich
 62138 | Zig:20   | Killed an ancient lich
 62138 | Zig:20   | Killed an ancient lich
 62139 | Zig:20   | Killed an ancient lich
 62145 | Zig:20   | Found the +8 storm bow {elec, penet}
 62210 | Zig:20   | Identified the Disquisition on Creative Necromancy
 62249 | Zig:20   | Got a warped cloak
 62272 | Zig:20   | Identified the +1 cloak "Dupha" {rPois} (You found it on
                  | level 20 of a ziggurat)
 62286 | Zig:20   | Identified the ring of Odyarack {+Fly Int+8 Slay-5 Stlth-}
                  | (You found it on level 18 of a ziggurat)
 62288 | Zig:20   | Identified the amulet "Diuno" {Faith MP-9 Str+7 Dex-4
                  | Slay+6} (You found it on level 19 of a ziggurat)
 62309 | Zig:21   | Entered Level 21 of a ziggurat
 62369 | Zig:21   | Identified Sif Muna's Handbook of Calling
 62393 | Zig:21   | Got a sparkling crystal amulet
 62495 | Zig:22   | Entered Level 22 of a ziggurat
 62506 | Zig:22   | Noticed an ancient lich
 62507 | Zig:22   | Noticed an ancient lich
 62508 | Zig:22   | Noticed an ancient lich
 62510 | Zig:22   | Noticed an ancient lich
 62510 | Zig:22   | Killed an ancient lich
 62510 | Zig:22   | Killed an ancient lich
 62510 | Zig:22   | Noticed an ancient lich
 62511 | Zig:22   | Killed an ancient lich
 62511 | Zig:22   | Killed an ancient lich
 62514 | Zig:22   | Killed an ancient lich
 62678 | Zig:23   | Entered Level 23 of a ziggurat
 62684 | Zig:23   | Noticed Zeykaogg the pandemonium lord
 62684 | Zig:23   | Noticed Quk Irya the pandemonium lord
 62686 | Zig:23   | Noticed a Killer Klown
 62687 | Zig:23   | Noticed Teuwe the pandemonium lord
 62688 | Zig:23   | Noticed Sowisacs the pandemonium lord
 62688 | Zig:23   | Noticed a Killer Klown
 62690 | Zig:23   | Noticed Cisy the pandemonium lord
 62691 | Zig:23   | Noticed a Killer Klown
 62691 | Zig:23   | Noticed Carir the pandemonium lord
 62691 | Zig:23   | Noticed Xaraic the pandemonium lord
 62692 | Zig:23   | Noticed Inotz the pandemonium lord
 62699 | Zig:23   | Noticed Ralerup the pandemonium lord
 62702 | Zig:23   | a Killer Klown changed into a titan
 62711 | Zig:23   | Killed Teuwe the pandemonium lord
 62717 | Zig:23   | Noticed a Killer Klown
 62719 | Zig:23   | Noticed Qadouc the pandemonium lord
 62724 | Zig:23   | Killed Xaraic the pandemonium lord
 62726 | Zig:23   | Killed Carir the pandemonium lord
 62726 | Zig:23   | Killed Zeykaogg the pandemonium lord
 62727 | Zig:23   | Killed Quk Irya the pandemonium lord
 62727 | Zig:23   | Killed a Killer Klown
 62728 | Zig:23   | Killed Inotz the pandemonium lord
 62728 | Zig:23   | Reached skill level 27 in Air Magic
 62728 | Zig:23   | Killed Ralerup the pandemonium lord
 62729 | Zig:23   | Killed Qadouc the pandemonium lord
 62730 | Zig:23   | Killed Cisy the pandemonium lord
 62730 | Zig:23   | Killed Sowisacs the pandemonium lord
 62734 | Zig:23   | Noticed Ficzori the pandemonium lord
 62737 | Zig:23   | Killed a Killer Klown
 62737 | Zig:23   | Reached skill level 5 in Stealth
 62739 | Zig:23   | Noticed Kineloju the pandemonium lord
 62741 | Zig:23   | Killed a Killer Klown
 62757 | Zig:23   | Killed Ficzori the pandemonium lord
 62757 | Zig:23   | Killed Kineloju the pandemonium lord
 62831 | Zig:23   | Identified Loafyck's Guide on Blows and Bruises
 62963 | Zig:23   | Identified the amulet "Agoytzal" {Spirit rC+ MR- Str+4
                  | Slay+2} (You found it on level 21 of a ziggurat)
 62983 | Zig:24   | Entered Level 24 of a ziggurat
 63003 | Zig:24   | Found the +7 Kryia's mail coat {PotionHeal*2 rC+}
 63004 | Zig:24   | Found the +9 scales of the Dragon King {rPois rF+ rC+ MR+}
 63026 | Zig:24   | Found the +7 mace of Variability {chain chaos}
 63120 | Zig:24   | Identified Sif Muna's Handbook of Dusty Intoxication
 63208 | Zig:24   | Got crude steam dragon scales
 63219 | Zig:24   | Identified the +2 steam dragon scales of Zoqoh {Str+3 SInv
                  | Stlth+} (You found it on level 24 of a ziggurat)
 63237 | Zig:25   | Entered Level 25 of a ziggurat
 63242 | Zig:25   | Learned a level 3 spell: Ozocubu's Armour
 63251 | Zig:25   | Noticed an ancient lich
 63252 | Zig:25   | Noticed an ancient lich
 63253 | Zig:25   | Noticed an ancient lich
 63255 | Zig:25   | Killed an ancient lich
 63255 | Zig:25   | Reached skill level 1 in Charms
 63255 | Zig:25   | Reached skill level 1 in Ice Magic
 63255 | Zig:25   | Killed an ancient lich
 63259 | Zig:25   | Noticed an ancient lich
 63260 | Zig:25   | Reached skill level 10 in Stealth
 63260 | Zig:25   | Killed an ancient lich
 63260 | Zig:25   | Killed an ancient lich
 63260 | Zig:25   | Reached skill level 10 in Dodging
 63385 | Zig:25   | Found the +2 hood of the Assassin {Detection Stab+ Stlth++}
 63406 | Zig:25   | Identified the Catalogue of the Scorching Rocks
 63415 | Zig:25   | Got a crude platinum amulet
 63448 | Zig:26   | Entered Level 26 of a ziggurat
 63464 | Zig:26   | Reached skill level 5 in Ice Magic
 63464 | Zig:26   | Reached skill level 5 in Charms
 63531 | Zig:26   | Got a twitching brass amulet
 63563 | Zig:26   | Identified the amulet "Jothasak" {Faith rElec} (You found
                  | it on level 26 of a ziggurat)
 63565 | Zig:26   | Identified the amulet "Hunuepsei" {Reflect Dex+4 SH+5} (You
                  | found it on level 25 of a ziggurat)
 63631 | Zig:26   | Identified the Papyrus of Destructive Flames
 63638 | Zig:26   | Got a transparent amber ring
 63650 | Zig:26   | Identified the ring "Deuromia" {Fire *Drain Str+4 Slay+2}
                  | (You found it on level 26 of a ziggurat)
 63722 | Zig:27   | Entered Level 27 of a ziggurat
 63966 | Zig:27   | Reached skill level 15 in Fighting
 63966 | Zig:27   | Reached skill level 15 in Armour
 64020 | Tomb:3   | Acquired 480 gold pieces
 64027 | Tomb:3   | Lost mutation: Your spells are a little harder to cast, but
                  | a little more powerful. [potion of mutation]
 64027 | Tomb:3   | Lost mutation: You are robust. (+10% HP) [potion of
                  | mutation]
 64027 | Tomb:3   | Lost mutation: Your natural rate of healing is unusually
                  | fast. [potion of mutation]
 64027 | Tomb:3   | Gained mutation: You are dopey. (Int -2) [potion of
                  | mutation]
 64027 | Tomb:3   | Gained mutation: You are clumsy. (Dex -2) [potion of
                  | mutation]
 64027 | Tomb:3   | Gained mutation: You have large cloven feet. [potion of
                  | mutation]
 64027 | Tomb:3   | Lost mutation: You are dopey. (Int -2) [potion of mutation]
 64028 | Tomb:3   | Lost mutation: You are clumsy. (Dex -2) [potion of
                  | mutation]
 64028 | Tomb:3   | Lost mutation: You have large cloven feet. [potion of
                  | mutation]
 64028 | Tomb:3   | Gained mutation: You are somewhat resistant to further
                  | mutation. [potion of mutation]
 64028 | Tomb:3   | Gained mutation: You are frail. (-10% HP) [potion of
                  | mutation]
 64029 | Tomb:3   | Lost mutation: You are frail. (-10% HP) [potion of
                  | mutation]
 64029 | Tomb:3   | Lost mutation: You are somewhat resistant to further
                  | mutation. [potion of mutation]
 64029 | Tomb:3   | Lost mutation: You are partially covered in icy blue
                  | scales. (AC +2) [potion of mutation]
 64029 | Tomb:3   | Gained mutation: You are weak. (Str -2) [potion of
                  | mutation]
 64029 | Tomb:3   | Gained mutation: You occasionally shout uncontrollably at
                  | your foes. [potion of mutation]
 64029 | Tomb:3   | Gained mutation: Your natural rate of healing is unusually
                  | fast. [potion of mutation]
 64029 | Tomb:3   | Gained mutation: You expend magic power (3 MP) to
                  | strengthen your wands. [potion of mutation]
 64030 | Tomb:3   | Lost mutation: You are weak. (Str -2) [potion of mutation]
 64030 | Tomb:3   | Lost mutation: You occasionally shout uncontrollably at
                  | your foes. [potion of mutation]
 64030 | Tomb:3   | Lost mutation: You expend magic power (3 MP) to strengthen
                  | your wands. [potion of mutation]
 64030 | Tomb:3   | Gained mutation: Your spells are a little harder to cast,
                  | but a little more powerful. [potion of mutation]
 64030 | Tomb:3   | Gained mutation: You have large cloven feet. [potion of
                  | mutation]
 64030 | Tomb:3   | Gained mutation: You are agile. (Dex +2) [potion of
                  | mutation]
 64031 | Tomb:3   | Lost mutation: You are agile. (Dex +2) [potion of mutation]
 64031 | Tomb:3   | Lost mutation: Your natural rate of healing is unusually
                  | fast. [potion of mutation]
 64031 | Tomb:3   | Lost mutation: Your spells are a little harder to cast, but
                  | a little more powerful. [potion of mutation]
 64031 | Tomb:3   | Gained mutation: Armour fits poorly on your strangely
                  | shaped body. [potion of mutation]
 64031 | Tomb:3   | Gained mutation: Your flesh is heat resistant. (rF+)
                  | [potion of mutation]
 64032 | Tomb:3   | Lost mutation: Armour fits poorly on your strangely shaped
                  | body. [potion of mutation]
 64032 | Tomb:3   | Lost mutation: Your flesh is heat resistant. (rF+) [potion
                  | of mutation]
 64032 | Tomb:3   | Gained mutation: You are resistant to electric shocks.
                  | (rElec) [potion of mutation]
 64032 | Tomb:3   | Gained mutation: You have a somewhat thin skeletal
                  | structure. (Dex +2, Stealth) [potion of mutation]
 64032 | Tomb:3   | Gained mutation: You have hoof-like feet. [potion of
                  | mutation]
 64033 | Tomb:3   | Lost mutation: You have hoof-like feet. [potion of
                  | mutation]
 64033 | Tomb:3   | Lost mutation: You have large cloven feet. [potion of
                  | mutation]
 64033 | Tomb:3   | Lost mutation: You are resistant to electric shocks.
                  | (rElec) [potion of mutation]
 64033 | Tomb:3   | Gained mutation: Your body sometimes deteriorates upon
                  | taking damage. [potion of mutation]
 64033 | Tomb:3   | Gained mutation: You are partially covered in molten
                  | scales. (AC +2) [potion of mutation]
 64033 | Tomb:3   | Gained mutation: Your muscles are strong. (Str +2) [potion
                  | of mutation]
 64033 | Tomb:3   | Gained mutation: You are somewhat resistant to further
                  | mutation. [potion of mutation]
 64034 | Tomb:3   | Lost mutation: Your muscles are strong. (Str +2) [potion of
                  | mutation]
 64034 | Tomb:3   | Lost mutation: You are partially covered in molten scales.
                  | (AC +2) [potion of mutation]
 64034 | Tomb:3   | Lost mutation: Your body sometimes deteriorates upon taking
                  | damage. [potion of mutation]
 64034 | Tomb:3   | Lost mutation: You are somewhat resistant to further
                  | mutation. [potion of mutation]
 64034 | Tomb:3   | Gained mutation: Armour fits poorly on your strangely
                  | shaped body. [potion of mutation]
 64034 | Tomb:3   | Gained mutation: You expend magic power (3 MP) to
                  | strengthen your wands. [potion of mutation]
 64034 | Tomb:3   | Gained mutation: You are dopey. (Int -2) [potion of
                  | mutation]
 64034 | Tomb:3   | Gained mutation: Your flesh is heat resistant. (rF+)
                  | [potion of mutation]
 64035 | Tomb:3   | Lost mutation: Armour fits poorly on your strangely shaped
                  | body. [potion of mutation]
 64035 | Tomb:3   | Lost mutation: You expend magic power (3 MP) to strengthen
                  | your wands. [potion of mutation]
 64035 | Tomb:3   | Lost mutation: Your flesh is heat resistant. (rF+) [potion
                  | of mutation]
 64035 | Tomb:3   | Gained mutation: You are clumsy. (Dex -2) [potion of
                  | mutation]
 64035 | Tomb:3   | Lost mutation: You are clumsy. (Dex -2) [potion of
                  | mutation]
 64036 | Tomb:3   | Lost mutation: You are dopey. (Int -2) [potion of mutation]
 64036 | Tomb:3   | Lost mutation: You have a somewhat thin skeletal structure.
                  | (Dex +2, Stealth) [potion of mutation]
 64036 | Tomb:3   | Gained mutation: You evolve. [potion of mutation]
 64036 | Tomb:3   | Gained mutation: You are agile. (Dex +2) [potion of
                  | mutation]
 64037 | Tomb:3   | Lost mutation: You are agile. (Dex +2) [potion of mutation]
 64037 | Tomb:3   | Lost mutation: You evolve. [potion of mutation]
 64037 | Tomb:3   | Gained mutation: You are agile. (Dex +2) [potion of
                  | mutation]
 64037 | Tomb:3   | Gained mutation: You are partially covered in slimy green
                  | scales. (AC +2) [potion of mutation]
 64037 | Tomb:3   | Gained mutation: You have sharp toenails. [potion of
                  | mutation]
 64038 | Tomb:3   | Lost mutation: You have sharp toenails. [potion of
                  | mutation]
 64038 | Tomb:3   | Lost mutation: You are partially covered in slimy green
                  | scales. (AC +2) [potion of mutation]
 64038 | Tomb:3   | Gained mutation: Your magical capacity is low. (-10% MP)
                  | [potion of mutation]
 64038 | Tomb:3   | Gained mutation: You are partially covered in thin metallic
                  | scales. (AC +2) [potion of mutation]
 64039 | Tomb:3   | Lost mutation: You are agile. (Dex +2) [potion of mutation]
 64039 | Tomb:3   | Lost mutation: Your magical capacity is low. (-10% MP)
                  | [potion of mutation]
 64039 | Tomb:3   | Gained mutation: You are frail. (-10% HP) [potion of
                  | mutation]
 64039 | Tomb:3   | Gained mutation: Your spells are a little easier to cast,
                  | but a little less powerful. [potion of mutation]
 64039 | Tomb:3   | Gained mutation: You are partially covered in large bone
                  | plates. (SH +4) [potion of mutation]
 64040 | Tomb:3   | Lost mutation: Your spells are a little easier to cast, but
                  | a little less powerful. [potion of mutation]
 64040 | Tomb:3   | Lost mutation: You are frail. (-10% HP) [potion of
                  | mutation]
 64040 | Tomb:3   | Gained mutation: Armour fits poorly on your strangely
                  | shaped body. [potion of mutation]
 64040 | Tomb:3   | Gained mutation: You are weak. (Str -2) [potion of
                  | mutation]
 64040 | Tomb:3   | Gained mutation: You are mostly covered in large bone
                  | plates. (SH +6) [potion of mutation]
 64041 | Tomb:3   | Lost mutation: You are partially covered in thin metallic
                  | scales. (AC +2) [potion of mutation]
 64041 | Tomb:3   | Lost mutation: You are weak. (Str -2) [potion of mutation]
 64041 | Tomb:3   | Gained mutation: You evolve. [potion of mutation]
 64041 | Tomb:3   | Gained mutation: You are completely covered in large bone
                  | plates. (SH +8) [potion of mutation]
 64042 | Tomb:3   | Lost mutation: You are completely covered in large bone
                  | plates. (SH +8) [potion of mutation]
 64042 | Tomb:3   | Lost mutation: Armour fits poorly on your strangely shaped
                  | body. [potion of mutation]
 64042 | Tomb:3   | Lost mutation: You evolve. [potion of mutation]
 64042 | Tomb:3   | Gained mutation: Your movements are slightly less
                  | encumbered by armour. (ER -2) [potion of mutation]
 64042 | Tomb:3   | Gained mutation: You evolve. [potion of mutation]
 64042 | Tomb:3   | Gained mutation: You have sharp toenails. [potion of
                  | mutation]
 64043 | Tomb:3   | Lost mutation: You have sharp toenails. [potion of
                  | mutation]
 64043 | Tomb:3   | Lost mutation: You are mostly covered in large bone plates.
                  | (SH +6) [potion of mutation]
 64043 | Tomb:3   | Lost mutation: You evolve. [potion of mutation]
 64043 | Tomb:3   | Lost mutation: Your movements are slightly less encumbered
                  | by armour. (ER -2) [potion of mutation]
 64043 | Tomb:3   | Gained mutation: Your body sometimes deteriorates upon
                  | taking damage. [potion of mutation]
 64043 | Tomb:3   | Gained mutation: You are covered in fur. (AC +1) [potion of
                  | mutation]
 64044 | Tomb:3   | Lost mutation: You are partially covered in large bone
                  | plates. (SH +4) [potion of mutation]
 64044 | Tomb:3   | Lost mutation: Your body sometimes deteriorates upon taking
                  | damage. [potion of mutation]
 64044 | Tomb:3   | Gained mutation: Your mind is acute. (Int +2) [potion of
                  | mutation]
 64044 | Tomb:3   | Gained mutation: You have sharp toenails. [potion of
                  | mutation]
 64045 | Tomb:3   | Lost mutation: You are covered in fur. (AC +1) [potion of
                  | mutation]
 64045 | Tomb:3   | Lost mutation: Your mind is acute. (Int +2) [potion of
                  | mutation]
 64045 | Tomb:3   | Lost mutation: You have sharp toenails. [potion of
                  | mutation]
 64045 | Tomb:3   | Gained mutation: Your spells are a little easier to cast,
                  | but a little less powerful. [potion of mutation]
 64045 | Tomb:3   | Gained mutation: You are frail. (-10% HP) [potion of
                  | mutation]
 64045 | Tomb:3   | Gained mutation: You expend magic power (3 MP) to
                  | strengthen your wands. [potion of mutation]
 64046 | Tomb:3   | Lost mutation: Your spells are a little easier to cast, but
                  | a little less powerful. [potion of mutation]
 64046 | Tomb:3   | Lost mutation: You are frail. (-10% HP) [potion of
                  | mutation]
 64046 | Tomb:3   | Lost mutation: You expend magic power (3 MP) to strengthen
                  | your wands. [potion of mutation]
 64046 | Tomb:3   | Gained mutation: You are robust. (+10% HP) [potion of
                  | mutation]
 64046 | Tomb:3   | Gained mutation: Your system is resistant to poisons.
                  | (rPois) [potion of mutation]
 64047 | Tomb:3   | Lost mutation: Your system is resistant to poisons. (rPois)
                  | [potion of mutation]
 64047 | Tomb:3   | Lost mutation: You are robust. (+10% HP) [potion of
                  | mutation]
 64047 | Tomb:3   | Gained mutation: You have sharp fingernails. [potion of
                  | mutation]
 64047 | Tomb:3   | Gained mutation: You are resistant to hostile enchantments.
                  | (MR+) [potion of mutation]
 64048 | Tomb:3   | Lost mutation: You have sharp fingernails. [potion of
                  | mutation]
 64048 | Tomb:3   | Lost mutation: You are resistant to hostile enchantments.
                  | (MR+) [potion of mutation]
 64048 | Tomb:3   | Gained mutation: Armour fits poorly on your strangely
                  | shaped body. [potion of mutation]
 64048 | Tomb:3   | Gained mutation: Your flesh is heat resistant. (rF+)
                  | [potion of mutation]
 64048 | Tomb:3   | Gained mutation: Scrolls take you a little longer to read.
                  | [potion of mutation]
 64048 | Tomb:3   | Gained mutation: You are somewhat resistant to further
                  | mutation. [potion of mutation]
 64049 | Tomb:3   | Lost mutation: Your flesh is heat resistant. (rF+) [potion
                  | of mutation]
 64049 | Tomb:3   | Lost mutation: Armour fits poorly on your strangely shaped
                  | body. [potion of mutation]
 64049 | Tomb:3   | Lost mutation: Scrolls take you a little longer to read.
                  | [potion of mutation]
 64049 | Tomb:3   | Lost mutation: You are somewhat resistant to further
                  | mutation. [potion of mutation]
 64049 | Tomb:3   | Gained mutation: Your body sometimes deteriorates upon
                  | taking damage. [potion of mutation]
 64049 | Tomb:3   | Gained mutation: Your mind is acute. (Int +2) [potion of
                  | mutation]
 64049 | Tomb:3   | Gained mutation: You are partially covered in rugged brown
                  | scales. (AC +1, +3% HP) [potion of mutation]
 64050 | Tomb:3   | Lost mutation: Your body sometimes deteriorates upon taking
                  | damage. [potion of mutation]
 64050 | Tomb:3   | Lost mutation: You are partially covered in rugged brown
                  | scales. (AC +1, +3% HP) [potion of mutation]
 64050 | Tomb:3   | Gained mutation: You are resistant to hostile enchantments.
                  | (MR+) [potion of mutation]
 64050 | Tomb:3   | Gained mutation: You have large cloven feet. [potion of
                  | mutation]
 64050 | Tomb:3   | Gained mutation: You are partially covered in iridescent
                  | scales. (AC +2) [potion of mutation]
 64063 | Tomb:3   | Learned a level 5 spell: Lee's Rapid Deconstruction
 64071 | Zig:1    | Entered Level 1 of a ziggurat
 64089 | Zig:2    | Entered Level 2 of a ziggurat
 64164 | Zig:3    | Entered Level 3 of a ziggurat
 64184 | Zig:3    | Identified Sif Muna's Tome of Congealing Displacement
 64227 | Zig:4    | Entered Level 4 of a ziggurat
 64275 | Zig:5    | Entered Level 5 of a ziggurat
 64329 | Zig:6    | Entered Level 6 of a ziggurat
 64406 | Zig:7    | Entered Level 7 of a ziggurat
 64412 | Zig:7    | Noticed a greater mummy
 64415 | Zig:7    | Found the +6 shillelagh "Devastator" {shatter}
 64426 | Zig:7    | Killed a greater mummy
 64532 | Zig:8    | Entered Level 8 of a ziggurat
 64540 | Zig:8    | Reached skill level 15 in Stealth
 64613 | Zig:8    | Got a pair of fading gloves
 64634 | Zig:8    | Identified the +0 pair of gloves of Dithmenos's Esteem
                  | {Int+4} (You found it on level 8 of a ziggurat)
 64656 | Zig:9    | Entered Level 9 of a ziggurat
 64723 | Zig:9    | Got a steaming troll leather armour
 64734 | Zig:9    | Identified the +3 troll leather armour of an ossuary
                  | {+Blink Regen+ Dex+2} (You found it on level 9 of a
                  | ziggurat)
 64777 | Zig:10   | Entered Level 10 of a ziggurat
 64783 | Zig:10   | Noticed an ancient lich
 64789 | Zig:10   | Killed an ancient lich
 64845 | Zig:10   | Got a brightly glowing gossamer ring
 64849 | Zig:10   | Identified the Incunabulum of Warped Transformation
 64874 | Zig:11   | Entered Level 11 of a ziggurat
 64883 | Zig:11   | Noticed an ancient lich
 64889 | Zig:11   | Killed an ancient lich
 64963 | Zig:11   | Got a pitted lead ring
 64993 | Zig:12   | Entered Level 12 of a ziggurat
 65004 | Zig:12   | Found the +9 sword of Zonguldrok {reap}
 65007 | Zig:12   | Reached skill level 10 in Fire Magic
 65048 | Zig:12   | Identified Sif Muna's Tome of Lethal Self-Knowledge
 65111 | Zig:13   | Entered Level 13 of a ziggurat
 65116 | Zig:13   | Noticed an ancient lich
 65121 | Zig:13   | Noticed an ancient lich
 65121 | Zig:13   | Killed an ancient lich
 65124 | Zig:13   | Killed an ancient lich
 65171 | Zig:13   | Got a brightly glowing bronze ring
 65241 | Zig:14   | Entered Level 14 of a ziggurat
 65245 | Zig:14   | Noticed a shard shrike
 65252 | Zig:14   | Killed a shard shrike
 65287 | Zig:14   | Found the +7 lajatang of Order {silver, rMut}
 65344 | Zig:14   | Got a sparkling glass ring
 65345 | Zig:14   | Identified the Guide on the Rocks and Feathers
 65353 | Zig:14   | Got a glittering marble ring
 65372 | Zig:14   | Identified the ring "Woleuk" {rElec MR+ Int+5 Dex-3 Stlth+}
                  | (You found it on level 10 of a ziggurat)
 65374 | Zig:14   | Identified the ring of the Sparrow {rPois rC+} (You found
                  | it on level 11 of a ziggurat)
 65376 | Zig:14   | Identified the ring "Nubes" {rCorr MP+9 Stlth+} (You found
                  | it on level 13 of a ziggurat)
 65378 | Zig:14   | Identified the ring "Moimaigg" {rF+ Int+3 Stlth+} (You
                  | found it on level 14 of a ziggurat)
 65380 | Zig:14   | Identified the ring "Xorynut" {Wiz rF+ Dex+2 Stlth+} (You
                  | found it on level 14 of a ziggurat)
 65384 | Zig:14   | Got a pair of faintly humming boots
 65398 | Zig:14   | Identified the +3 pair of boots of the Vestibule of Hell
                  | {Dex+4} (You found it on level 14 of a ziggurat)
 65411 | Zig:15   | Entered Level 15 of a ziggurat
 65428 | Zig:15   | Mangled by an apis

Illustrated notes

Levels and vault maps discovered:
D:1:      nagdon_arrival_double_spiral, layout_basic, minmay_unequal
D:2:      layout_loops_corners, grunt_temple_overflow_opulence,
          wander_ebering_terrifying_dragon_lair, uniq_sigmund
D:3:      layout_basic, nicolae_tso_carved_into_rock,
          chequers_temple_overflow_statue_of_worship, uniq_grinder, uniq_natasha
D:4:      layout_loops_corners, nicolae_overflow_crystal_walls, first_ration
D:5:      layout_loops_ring, cheibrodos_ashenzari_chains,
          minmay_temple_entry_butterflies
D:6:      layout_basic, serial_shops, shop, uniq_eustachio
D:7:      layout_loops_ring, overflow_temple_1_default, uniq_maggie
D:8:      layout_basic, kennysheep_mini, okawaru_metal_pillars_3,
          lair_entry_dummy, uniq_erica, uniq_harold
D:9:      layout_loops_ring, serial_shops, shop, kennysheep_mini_moat
D:10:     layout_cave_pods, uniq_grum, uniq_urug, uniq_fannar
D:11:     cheibrodos_wizards_tower, layout_gridville, erik_orc_4, uniq_nergalle
D:12:     erik_rubicon_a, layout_cave_pools, basic_altar, grunt_tengu_nest,
          grunt_decor_fettered
D:13:     layout_stronghold, enter_bailey_2, gammafunk_ghost_crypt
D:14:     minmay_the_grid_plus [minmay_the_grid_armoury, minmay_the_grid_box_x,
          minmay_the_grid_square_x, minmay_the_grid_embedded,
          minmay_the_grid_prize_diamond_cup], layout_basic,
          lightli_vaults_fourway_checkpoint
D:15:     grunt_enter_depths_hoard, layout_layer_cave, serial_glass,
          glass_columns_a, glass_columns_c, fedhas_altar_2,
          grunt_dithmenos_smoke
Temple:   eino_wide_crystal_templ
Lair:1:   layout_regular_city, st_stairs_7, disabler_island,
          infiniplex_staircase_pool_2
Lair:2:   layout_chaotic_city, elwin_shoals_entry_rooms,
          guppyfry_snake_entry_island, minmay_lair_oklob_chamber,
          grunt_megastairs_5
Lair:3:   layout_regular_city
Lair:4:   layout_cave_pods, st_stairs_13, chequers_serial_rivers_marsh,
          grunt_megastairs_3
Lair:5:   layout_roguey, eino_small_chamber_without_monster, lemuel_fruit_fields
Lair:6:   cheibrodos_lair_end_hotspot, layout_misc_corridors, slime_dummy,
          serial_bayou_pond_a, lemuel_fruit_tree, infiniplex_staircase_pool
Shoals:1: layout_shoals
Shoals:2: layout_shoals, gammafunk_ghost_split, uniq_polyphemus
Shoals:3: layout_shoals
Shoals:4: shoals_end_simple, layout_shoals
Snake:1:  layout_rooms, serial_bayou_shore_a
Snake:2:  kennysheep_six_static_rooms, layout_basic, basic_altar
Snake:3:  layout_grid_maze
Snake:4:  snake_pit_salamanders_mu, layout_basic, uniq_louise
Orc:1:    layout_caves, nicolae_volcano_entry_batcave, uniq_jorgrun, uniq_sonja
Orc:2:    grunt_orc_cross, layout_caves, bloody_makhleb
Elf:1:    eino_elf_arrival_customs, layout_geoelf_grid,
          kennysheep_underground_church, grunt_ministairs_2, uniq_agnes,
          uniq_azrael
Elf:2:    layout_gridlike
Elf:3:    minmay_elf_hall_not_hex, layout_gridlike, feat_on_display,
          grunt_megastairs_1
Vaults:1: vaults_not_door_vault_due, hangedman_vaults_corner,
          nicolae_vaults_shelves_hall, ontoclasm_vaults_idyll,
          nicolae_vaults_little_squares_3, vaults_mumra_minichess,
          nicolae_vaults_network_quinsquares
          [nicolae_vaults_network_quincunx_subvault,
          nicolae_vaults_network_quincunx_subvault,
          nicolae_vaults_network_quincunx_subvault,
          nicolae_vaults_network_quincunx_subvault], v_misc_10,
          nicolae_vaults_alarming, vaults_room_hallway, vaults_dpeg_hooks,
          nicolae_vaults_little_squares_3, nicolae_vaults_rhombus_7,
          hangedman_vaults_maws, nicolae_vaults_specimen_jars,
          layout_vaults_omnicross
Vaults:2: hangedman_vaults_hat, minmay_crypt_entry_simple_corners,
          nicolae_vaults_ring_of_whatevers, hangedman_vaults_restitches,
          v_alt_pattern_3, st_more_cells, nicolae_vaults_asterisk,
          nicolae_vaults_theta, layout_vaults_omnigrid, uniq_saint_roka,
          uniq_frederick
Vaults:3: v_misc_3, v_misc_28, vaults_room_large_hall, v_pattern_1, v_misc_5,
          hangedman_vaults_locks, ontoclasm_vaults_gallery,
          vaults_room_door_ring, nicolae_vaults_what_the_h,
          vaults_mumra_chevron_long, grunt_vaults_hallway_short,
          layout_vaults_omnibox, uniq_asterion
Vaults:4: ontoclasm_vaults_ring_large, nicolae_vaults_shelves_hall,
          nicolae_vaults_rhombus_6, nicolae_vaults_little_squares_3,
          vaults_mumra_hex, nicolae_vaults_big_ls, hangedman_vaults_variations,
          layout_vaults_big_room, serial_shops, shop_statue
Vaults:5
Crypt:1:  cheibrodos_crypt_3hun_7po, layout_chaotic_city
Crypt:2:  layout_regular_city
Crypt:3:  due_elkab, layout_chaotic_city, tomb_entry_shell_bobbens,
          grunt_ministairs_3, minmay_strange_pillars
Tomb:1
Tomb:2
Tomb:3
Zig:15

Skill      XL: |  1  2  3  4  5  6  7  8  9 10 11 12 13 14 15 16 17 18 19 20 21 22 23 24 25 26 27 |
---------------+----------------------------------------------------------------------------------+-----
Conjurations   | 1 2 3 4 5 6 |  6.0
Fire Magic     | 1 3 5 11 | 11.8
Air Magic      | 1 2 4 5 27 | 27.0
Necromancy     | 1 5 6 8 9 10 15 17 19 | 19.0
Fighting       | 2 5 7 10 16 | 16.7
Dodging        | 3 4 6 7 13 | 13.8
Armour         | 2 5 7 10 16 | 16.7
Spellcasting   | 4 5 6 9 12 13 15 16 | 16.5
Earth Magic    | 9 15 18 22 25 27 | 27.0
Shields        | 9 12 15 20 | 20.3
Summonings     | 7 8 |  8.0
Transmutations | 7 14 18 19 | 19.0
Evocations     | 1 11 12 | 12.0
Hexes          | 10 | 10.0
Stealth        | 16 | 16.8
Charms         | 6 |  6.0
Ice Magic      | 6 |  6.0
Translocations | |  0.8

Action                   |  1- 3 |  4- 6 |  7- 9 | 10-12 | 13-15 | 16-18 | 19-21 | 22-24 | 25-27 || total
-------------------------+-------+-------+-------+-------+-------+-------+-------+-------+-------++-------
Melee: Dagger            |    28 |       |    16 |    34 |       |       |       |       |       ||    78
       Short sword       |    27 |    21 |   108 |   147 |       |       |       |       |       ||   303
       Halberd           |       |       |    10 |     1 |     2 |       |       |       |       ||    13
       Scimitar          |       |       |       |    85 |    94 |   162 |     6 |       |       ||   347
       Spear             |       |       |       |    50 |   107 |     3 |       |       |       ||   160
       Quarterstaff      |       |       |       |       |       |   319 |   123 |   187 |    12 ||   641
       Demon trident     |       |       |       |       |       |       |   125 |   119 |    15 ||   259
       Broad axe         |       |       |       |       |       |       |       |     1 |    19 ||    20
       Staff             |       |       |       |       |       |       |       |    39 |    70 ||   109
 Fire: Hunting sling     |       |    43 |   128 |    31 |     8 |    12 |    12 |       |       ||   234
       Arbalest          |       |       |       |       |       |       |     6 |     7 |     2 ||    15
Throw: Javelin           |       |       |       |       |     1 |       |       |       |       ||     1
 Cast: Magic Dart        |    49 |    88 |   100 |    86 |    41 |    44 |     4 |       |       ||   412
       Mephitic Cloud    |       |     5 |    33 |    65 |    14 |    14 |    21 |     4 |       ||   156
       Conjure Flame     |       |       |    23 |    50 |    23 |    29 |     6 |     9 |       ||   140
       Vampiric Draining |       |       |    11 |    48 |     3 |    28 |     5 |    10 |       ||   105
       Dispel Undead     |       |       |       |    19 |    23 |     9 |     6 |    39 |   176 ||   272
       Borgnjor's Vile C |       |       |       |    36 |    44 |   348 |   441 |   362 |   313 ||  1544
       Sublimation of Bl |       |       |       |     2 |       |    33 |    85 |    51 |       ||   171
       Necromutation     |       |       |       |       |       |       |       |    24 |   135 ||   159
       Aura of Abjuratio |       |       |       |       |       |       |       |     4 |     5 ||     9
       Lee's Rapid Decon |       |       |       |       |       |       |       |     1 |       ||     1
       Shatter           |       |       |       |       |       |       |       |       |   226 ||   226
       Tornado           |       |       |       |       |       |       |       |       |    37 ||    37
       Ozocubu's Armour  |       |       |       |       |       |       |       |       |     3 ||     3
Invok: Receive Necronomi |       |       |       |     1 |       |       |       |       |       ||     1
       Renounce Religion |       |       |       |       |     1 |       |       |       |       ||     1
       Potion Petition   |       |       |       |       |       |       |       |       |    18 ||    18
       Call Merchant     |       |       |       |       |       |       |       |       |    12 ||    12
 Abil: Dig               |       |     6 |    12 |    25 |    15 |    21 |     9 |     6 |     1 ||    95
       End Transformatio |       |       |       |       |       |       |       |     5 |    12 ||    17
Evoke: Wand              |       |       |     5 |       |       |     1 |       |       |    10 ||    16
       Staff of energy   |       |       |       |       |       |       |       |   149 |  1547 ||  1696
       Staff of Wucad Mu |       |       |       |       |       |       |       |       |     3 ||     3
       Figurine of a zig |       |       |       |       |       |       |       |       |     2 ||     2
       Box of beasts     |       |       |       |       |       |       |       |       |     1 ||     1
  Use: Scroll            |       |     2 |     6 |     8 |     4 |    10 |    24 |     6 |    35 ||    95
       Potion            |       |       |     1 |       |     8 |     3 |     3 |       |    32 ||    47
 Stab: Sleeping          |     1 |       |       |       |       |       |       |       |       ||     1
       Paralysed         |       |       |    10 |       |       |       |       |       |       ||    10
       Confused          |       |       |     5 |    13 |     1 |     1 |     3 |     2 |       ||    25
       Distracted        |       |       |       |       |     1 |     5 |       |     2 |     1 ||     9
  Eat: Chunk             |     2 |    10 |    17 |    38 |       |       |       |       |       ||    67
       Ration            |       |       |       |       |    11 |    12 |    10 |     7 |     7 ||    47
Armor: Robe              |     6 |     9 |    27 |    63 |       |       |       |       |       ||   105
       Leather armour    |       |       |       |     2 |       |       |       |       |       ||     2
       Swamp dragon scal |       |       |       |    16 |       |       |       |       |       ||    16
       Troll leather arm |       |       |       |       |    78 |   210 |    54 |   104 |   288 ||   734
Dodge: Dodged            |    40 |    26 |    89 |   223 |   197 |   326 |   163 |   299 |   436 ||  1799
       Repelled          |       |       |       |       |       |       |    38 |    32 |       ||    70
Block: Buckler           |       |       |       |       |       |    27 |       |       |       ||    27
       Kite shield       |       |       |       |       |       |   375 |   535 |       |       ||   910
       Tower shield      |       |       |       |       |       |       |    14 |   673 |   933 ||  1620
       Reflection        |       |       |       |       |       |       |       |       |    36 ||    36
       Rpst.: Scimitar   |       |       |       |    22 |    16 |    25 |       |       |       ||    63
